Workbook
Name data: #REF!
Name Estres: #REF!
Name FECFIN: #REF!
Name FECHAF: #REF!
Name FECHAFIN: '[1]RECAUDO OK'!$M$59
Name FECHAI: #REF!
Name FECHAINI: '[1]RECAUDO OK'!$M$58
Name FECINI: #REF!
Name FECINIC: #REF!
Name FEFIN: '[1]RECAUDO OK'!#REF!

Sheet ORGANIGRAMA 2026

Sheet Anexo No. 7 Regionaliza Recau
B1: MINISTERIO DE AGRICULTURA Y DESARROLLO RURAL FORMATO EJECUCIÓN DE INGRESOS REGIONALIZADOS POR EL RECAUDO DE LOS FONDOS DE FOMENTO AGRICOLAS, FORESTALES, PECUARIOS Y PESQUEROS, Y CESIONES DE LOS FONDOS DE ESTABILIZACIÓN DE PRECIOS
B5: DIRECCIÓN DE CADENAS AGRÍCOLAS Y FORESTALES - DIRECCIÓN DE CADENAS PECUARIAS, PESQUERAS Y ACUÍCOLAS | F5: Fecha: XXXX-XX-XX
B7: FONDO: | C7: FONDO NACIONAL DE FOMENTO DE LA PAPA - FNFP
B8: AÑO PROYECTADO | C8: =#REF! -> #REF!
B9: FECHA DE ELABORACIÓN | C9: =+#REF! -> #REF!
B11: ANEXO No. 7
B12: Cifras Expresadas en Pesos Colombianos
B13: CONCEPTO | C13: PAPA | F13: TOTAL EJECUCIÓN PRESUPUESTO DE INGRESOS CUOTA DE FOMENTO O CESIONES
C14: VALORES PRESUPUESTADOS POR EL SITIO O LUGAR DE RECAUDO | D14: VALOR EJECUTADO INGRESOS O RECAUDO EFECTIVO | E14: % PORCENTAJE DE RECAUDO
B15: Antioquia | C15: =VLOOKUP(B15,#REF!,3) -> #REF! | D15: 0 | E15: =+D15/C15 -> #REF! | F15: =+D15 -> 0
B16: Atlántico | C16: =VLOOKUP(B16,#REF!,3) -> #REF! | D16: 0 | E16: =+D16/C16 -> #REF! | F16: =+D16 -> 0
B17: Bogotá, D.C. | C17: =VLOOKUP(B17,#REF!,3) -> #REF! | D17: 0 | E17: =+D17/C17 -> #REF! | F17: =+D17 -> 0
B18: Bolívar | C18: =VLOOKUP(B18,#REF!,3) -> #REF! | D18: 0 | E18: =+D18/C18 -> #REF! | F18: =+D18 -> 0
B19: Boyacá | C19: =VLOOKUP(B19,#REF!,3) -> #REF! | D19: 0 | E19: =+D19/C19 -> #REF! | F19: =+D19 -> 0
B20: Caldas | C20: =VLOOKUP(B20,#REF!,3) -> #REF! | D20: 0 | E20: =+D20/C20 -> #REF! | F20: =+D20 -> 0
B21: Caquetá | C21: =VLOOKUP(B21,#REF!,3) -> #REF! | D21: 0 | E21: =+D21/C21 -> #REF! | F21: =+D21 -> 0
B22: Casanare | C22: =VLOOKUP(B22,#REF!,3) -> #REF! | D22: 0 | E22: =+D22/C22 -> #REF! | F22: =+D22 -> 0
B23: Cauca | C23: =VLOOKUP(B23,#REF!,3) -> #REF! | D23: 0 | E23: =+D23/C23 -> #REF! | F23: =+D23 -> 0
B24: Cesar | C24: =VLOOKUP(B24,#REF!,3) -> #REF! | D24: 0 | E24: =+D24/C24 -> #REF! | F24: =+D24 -> 0
B25: Córdoba | C25: =VLOOKUP(B25,#REF!,3) -> #REF! | D25: 0 | E25: =+D25/C25 -> #REF! | F25: =+D25 -> 0
B26: Cundinamarca | C26: =VLOOKUP(B26,#REF!,3) -> #REF! | D26: 0 | E26: =+D26/C26 -> #REF! | F26: =+D26 -> 0
... B38: Valle del Cauca | C38: =VLOOKUP(B38,#REF!,3) -> #REF! | D38: 0 | E38: =+D38/C38 -> #REF! | F38: =+D38 -> 0
B39: TOTAL RECAUDO REGIONALIZADO | C39: =SUM(C15:C38) -> #REF! | D39: =SUM(D15:D38) -> 0 | E39: =+D39/C39 -> #REF! | F39: =+D39 -> 0

Sheet Anexo No. 8 Ejecución Ptal
B2: MINISTERIO DE AGRICULTURA Y DESARROLLO RURAL FORMATO EJECUCIÓN PRESUPUESTAL ACUMULADA DE INGRESOS, GASTOS DE FUNCIONAMIENTO (INCLUYE CONTRAPRESTACIÓN POR ADMINISTRACIÓN) E INVERSIÓN DE LOS FONDOS DE FOMENTO AGRICOLAS, FORESTALES, PECUARIOS Y PESQUEROS, Y CESIONES DE LOS FONDOS DE ESTABILIZACIÓN DE PRECIOS
B6: DIRECCIÓN DE CADENAS AGRÍCOLAS Y FORESTALES - DIRECCIÓN DE CADENAS PECUARIAS, PESQUERAS Y ACUÍCOLAS | K6: Fecha: XXXX-XX-XX
B8: FONDO: | C8: FONDO NACIONAL DE FOMENTO DE LA PAPA - FNFP
B9: AÑO PROYECTADO | C9: =#REF! -> #REF!
B10: FECHA DE ELABORACIÓN | C10: =+'Anexo No. 7 Regionaliza Recau'!C9 -> #REF!
B12: ANEXO No. 8
B13: Cifras Expresadas en Pesos Colombianos
B15: CONCEPTO | C15: PRESUPUESTO AJUSTADO AÑO ACTUAL | D15: EJECUTADO DE ENERO A MARZO | E15: % EJECUCIÓN ENERO A MARZO | F15: EJECUTADO DE ENERO A JUNIO | G15: % EJECUCIÓN DE ENERO A JUNIO | H15: EJECUTADO DE ENERO A SEPTIEMBRE | I15: % EJECUCIÓN DE ENERO A SEPTIEMBRE | J15: EJECUTADO DE ENERO A DICIEMBRE | K15: % EJECUCIÓN DE ENERO A DICIEMBRE
B16: INGRESOS CORRIENTES U OPERACIONALES | C16: =+SUM(C17:C20) -> 0 | D16: =+SUM(D17:D20) -> 0 | E16: =IFERROR(D16/C16,0) -> 0 | F16: =+SUM(F17:F20) -> 0 | G16: =IFERROR(F16/E16,0) -> 0 | H16: =+SUM(H17:H20) -> 0 | I16: =IFERROR(H16/G16,0) -> 0 | J16: =+SUM(J17:J20) -> 0 | K16: =IFERROR(J16/I16,0) -> 0
A17: 40 | B17: Cuota de Fomento (Aplica para Fondos de Fomento) o Cesiones de Estabilización (Aplica para Fondos de Estabilización) | C17: =IFERROR(_xlfn.XLOOKUP(A17,#REF!,#REF!),0) -> 0 | D17: 0 | E17: =IFERROR(D17/C17,0) -> 0 | F17: 0 | G17: =IFERROR(F17/E17,0) -> 0 | H17: 0 | I17: =IFERROR(H17/G17,0) -> 0 | J17: 0 | K17: =IFERROR(J17/I17,0) -> 0
A18: 41 | B18: Cuota de Fomento Vigencia Anterior (Aplica para Fondos de Fomento) o Cesiones de Estabilización (Aplica para Fondos de Estabilización) | C18: =IFERROR(_xlfn.XLOOKUP(A18,#REF!,#REF!),0) -> 0 | D18: 0 | E18: =IFERROR(D18/C18,0) -> 0 | F18: 0 | G18: =IFERROR(F18/E18,0) -> 0 | H18: 0 | I18: =IFERROR(H18/G18,0) -> 0 | J18: 0 | K18: =IFERROR(J18/I18,0) -> 0
A19: 42 | B19: Intereses de Mora | C19: =IFERROR(_xlfn.XLOOKUP(A19,#REF!,#REF!),0) -> 0 | D19: 0 | E19: =IFERROR(D19/C19,0) -> 0 | F19: 0 | G19: =IFERROR(F19/E19,0) -> 0 | H19: 0 | I19: =IFERROR(H19/G19,0) -> 0 | J19: 0 | K19: =IFERROR(J19/I19,0) -> 0
A20: 43 | B20: Superávit | C20: =IFERROR(_xlfn.XLOOKUP(A20,#REF!,#REF!),0) -> 0 | D20: 0 | E20: =IFERROR(D20/C20,0) -> 0 | F20: 0 | G20: =IFERROR(F20/E20,0) -> 0 | H20: 0 | I20: =IFERROR(H20/G20,0) -> 0 | J20: 0 | K20: =IFERROR(J20/I20,0) -> 0
B21: INGRESOS RECURSOS DE CAPITAL O NO OPERACIONALES | C21: =+C22+C24 -> 0 | D21: =+D22+D24 -> 0 | E21: =IFERROR(D21/C21,0) -> 0 | F21: =+F22+F24 -> 0 | G21: =IFERROR(F21/E21,0) -> 0 | H21: =+H22+H24 -> 0 | I21: =IFERROR(H21/G21,0) -> 0 | J21: =+J22+J24 -> 0 | K21: =IFERROR(J21/I21,0) -> 0
B22: Ingresos Financieros | C22: =+C23 -> 0 | D22: =+D23 -> 0 | E22: =IFERROR(D22/C22,0) -> 0 | F22: =+F23 -> 0 | G22: =IFERROR(F22/E22,0) -> 0 | H22: =+H23 -> 0 | I22: =IFERROR(H22/G22,0) -> 0 | J22: =+J23 -> 0 | K22: =IFERROR(J22/I22,0) -> 0
A23: 45 | B23: Ingresos Financieros | C23: =IFERROR(_xlfn.XLOOKUP(A23,#REF!,#REF!),0) -> 0 | D23: 0 | E23: =IFERROR(D23/C23,0) -> 0 | F23: 0 | G23: =IFERROR(F23/E23,0) -> 0 | H23: 0 | I23: =IFERROR(H23/G23,0) -> 0 | J23: 0 | K23: =IFERROR(J23/I23,0) -> 0
B24: OTROS INGRESOS | C24: =+SUM(C25:C30) -> 0 | D24: =+SUM(D25:D30) -> 0 | E24: =IFERROR(D24/C24,0) -> 0 | F24: =+SUM(F25:F30) -> 0 | G24: =IFERROR(F24/E24,0) -> 0 | H24: =+SUM(H25:H30) -> 0 | I24: =IFERROR(H24/G24,0) -> 0 | J24: =+SUM(J25:J30) -> 0 | K24: =IFERROR(J24/I24,0) -> 0
A25: 0 | B25: Enajenacion de activos | C25: =IFERROR(_xlfn.XLOOKUP(A25,#REF!,#REF!),0) -> 0 | D25: 0 | E25: =IFERROR(D25/C25,0) -> 0 | F25: 0 | G25: =IFERROR(F25/E25,0) -> 0 | H25: 0 | I25: =IFERROR(H25/G25,0) -> 0 | J25: 0 | K25: =IFERROR(J25/I25,0) -> 0
A26: 0 | B26: Venta de bienes y servicios | C26: =IFERROR(_xlfn.XLOOKUP(A26,#REF!,#REF!),0) -> 0 | D26: 0 | E26: =IFERROR(D26/C26,0) -> 0 | F26: 0 | G26: =IFERROR(F26/E26,0) -> 0 | H26: 0 | I26: =IFERROR(H26/G26,0) -> 0 | J26: 0 | K26: =IFERROR(J26/I26,0) -> 0
A27: 0 | B27: Recursos del credito | C27: =IFERROR(_xlfn.XLOOKUP(A27,#REF!,#REF!),0) -> 0 | D27: 0 | E27: =IFERROR(D27/C27,0) -> 0 | F27: 0 | G27: =IFERROR(F27/E27,0) -> 0 | H27: 0 | I27: =IFERROR(H27/G27,0) -> 0 | J27: 0 | K27: =IFERROR(J27/I27,0) -> 0
A28: 0 | B28: Donaciones y aportes | C28: =IFERROR(_xlfn.XLOOKUP(A28,#REF!,#REF!),0) -> 0 | D28: 0 | E28: =IFERROR(D28/C28,0) -> 0 | F28: 0 | G28: =IFERROR(F28/E28,0) -> 0 | H28: 0 | I28: =IFERROR(H28/G28,0) -> 0 | J28: 0 | K28: =IFERROR(J28/I28,0) -> 0
A29: 0 | B29: Recuperaciones | C29: =IFERROR(_xlfn.XLOOKUP(A29,#REF!,#REF!),0) -> 0 | D29: 0 | E29: =IFERROR(D29/C29,0) -> 0 | F29: 0 | G29: =IFERROR(F29/E29,0) -> 0 | H29: 0 | I29: =IFERROR(H29/G29,0) -> 0 | J29: 0 | K29: =IFERROR(J29/I29,0) -> 0
A30: 44 | B30: Otros ingresos | C30: =IFERROR(_xlfn.XLOOKUP(A30,#REF!,#REF!),0) -> 0 | D30: 0 | E30: =IFERROR(D30/C30,0) -> 0 | F30: 0 | G30: =IFERROR(F30/E30,0) -> 0 | H30: 0 | I30: =IFERROR(H30/G30,0) -> 0 | J30: 0 | K30: =IFERROR(J30/I30,0) -> 0
B31: TOTAL PRESUPUESTO DE INGRESOS | C31: =+C16+C21 -> 0 | D31: =+D16+D21 -> 0 | E31: =IFERROR(D31/C31,0) -> 0 | F31: =+F16+F21 -> 0 | G31: =IFERROR(F31/E31,0) -> 0 | H31: =+H16+H21 -> 0 | I31: =IFERROR(H31/G31,0) -> 0 | J31: =+J16+J21 -> 0 | K31: =IFERROR(J31/I31,0) -> 0
D32: 0 | E32: =IFERROR(D32/C32,0) -> 0 | F32: 0 | G32: =IFERROR(F32/E32,0) -> 0 | H32: 0 | I32: =IFERROR(H32/G32,0) -> 0 | J32: 0 | K32: =IFERROR(J32/I32,0) -> 0
B33: GASTOS DE FUNCIONAMIENTO | C33: =+C34+C71 -> 0 | D33: =+D34+D71 -> 0 | E33: =IFERROR(D33/C33,0) -> 0 | F33: =+F34+F71 -> 0 | G33: =IFERROR(F33/E33,0) -> 0 | H33: =+H34+H71 -> 0 | I33: =IFERROR(H33/G33,0) -> 0 | J33: =+J34+J71 -> 0 | K33: =IFERROR(J33/I33,0) -> 0
B34: GASTOS DE ADMINISTRACIÓN | C34: =+C35+C47 -> 0 | D34: =+D35+D47 -> 0 | E34: =IFERROR(D34/C34,0) -> 0 | F34: =+F35+F47 -> 0 | G34: =IFERROR(F34/E34,0) -> 0 | H34: =+H35+H47 -> 0 | I34: =IFERROR(H34/G34,0) -> 0 | J34: =+J35+J47 -> 0 | K34: =IFERROR(J34/I34,0) -> 0
B35: SERVICIOS PERSONALES (*) | C35: =SUM(C36:C46) -> 0 | D35: =SUM(D36:D46) -> 0 | E35: =IFERROR(D35/C35,0) -> 0 | F35: =SUM(F36:F46) -> 0 | G35: =IFERROR(F35/E35,0) -> 0 | H35: =SUM(H36:H46) -> 0 | I35: =IFERROR(H35/G35,0) -> 0 | J35: =SUM(J36:J46) -> 0 | K35: =IFERROR(J35/I35,0) -> 0
B36: Sueldos | C36: =IFERROR(_xlfn.XLOOKUP(B36,#REF!,#REF!),0) -> 0 | D36: 0 | E36: =IFERROR(D36/C36,0) -> 0 | F36: 0 | G36: =IFERROR(F36/E36,0) -> 0 | H36: 0 | I36: =IFERROR(H36/G36,0) -> 0 | J36: 0 | K36: =IFERROR(J36/I36,0) -> 0
B37: Auxilio de Transporte | C37: =IFERROR(_xlfn.XLOOKUP(B37,#REF!,#REF!),0) -> 0 | D37: 0 | E37: =IFERROR(D37/C37,0) -> 0 | F37: 0 | G37: =IFERROR(F37/E37,0) -> 0 | H37: 0 | I37: =IFERROR(H37/G37,0) -> 0 | J37: 0 | K37: =IFERROR(J37/I37,0) -> 0
B38: Vacaciones | C38: =IFERROR(_xlfn.XLOOKUP(B38,#REF!,#REF!),0) -> 0 | D38: 0 | E38: =IFERROR(D38/C38,0) -> 0 | F38: 0 | G38: =IFERROR(F38/E38,0) -> 0 | H38: 0 | I38: =IFERROR(H38/G38,0) -> 0 | J38: 0 | K38: =IFERROR(J38/I38,0) -> 0
B39: Prima legal | C39: =IFERROR(_xlfn.XLOOKUP(B39,#REF!,#REF!),0) -> 0 | D39: 0 | E39: =IFERROR(D39/C39,0) -> 0 | F39: 0 | G39: =IFERROR(F39/E39,0) -> 0 | H39: 0 | I39: =IFERROR(H39/G39,0) -> 0 | J39: 0 | K39: =IFERROR(J39/I39,0) -> 0
B40: Cesantías | C40: =IFERROR(_xlfn.XLOOKUP(B40,#REF!,#REF!),0) -> 0 | D40: 0 | E40: =IFERROR(D40/C40,0) -> 0 | F40: 0 | G40: =IFERROR(F40/E40,0) -> 0 | H40: 0 | I40: =IFERROR(H40/G40,0) -> 0 | J40: 0 | K40: =IFERROR(J40/I40,0) -> 0
B41: Intereses de cesantías | C41: =IFERROR(_xlfn.XLOOKUP(B41,#REF!,#REF!),0) -> 0 | D41: 0 | E41: =IFERROR(D41/C41,0) -> 0 | F41: 0 | G41: =IFERROR(F41/E41,0) -> 0 | H41: 0 | I41: =IFERROR(H41/G41,0) -> 0 | J41: 0 | K41: =IFERROR(J41/I41,0) -> 0
B42: Seguros y/o fondos privados | C42: =IFERROR(_xlfn.XLOOKUP(B42,#REF!,#REF!),0) -> 0 | D42: 0 | E42: =IFERROR(D42/C42,0) -> 0 | F42: 0 | G42: =IFERROR(F42/E42,0) -> 0 | H42: 0 | I42: =IFERROR(H42/G42,0) -> 0 | J42: 0 | K42: =IFERROR(J42/I42,0) -> 0
B43: Caja de compensación | C43: =IFERROR(_xlfn.XLOOKUP(B43,#REF!,#REF!),0) -> 0 | D43: 0 | E43: =IFERROR(D43/C43,0) -> 0 | F43: 0 | G43: =IFERROR(F43/E43,0) -> 0 | H43: 0 | I43: =IFERROR(H43/G43,0) -> 0 | J43: 0 | K43: =IFERROR(J43/I43,0) -> 0
B44: Aportes ICBF | C44: =IFERROR(_xlfn.XLOOKUP(B44,#REF!,#REF!),0) -> 0 | D44: 0 | E44: =IFERROR(D44/C44,0) -> 0 | F44: 0 | G44: =IFERROR(F44/E44,0) -> 0 | H44: 0 | I44: =IFERROR(H44/G44,0) -> 0 | J44: 0 | K44: =IFERROR(J44/I44,0) -> 0
B45: Aportes SENA | C45: =IFERROR(_xlfn.XLOOKUP(B45,#REF!,#REF!),0) -> 0 | D45: 0 | E45: =IFERROR(D45/C45,0) -> 0 | F45: 0 | G45: =IFERROR(F45/E45,0) -> 0 | H45: 0 | I45: =IFERROR(H45/G45,0) -> 0 | J45: 0 | K45: =IFERROR(J45/I45,0) -> 0
B46: Indemnizaciones | C46: =IFERROR(_xlfn.XLOOKUP(B46,#REF!,#REF!),0) -> 0 | D46: 0 | E46: =IFERROR(D46/C46,0) -> 0 | F46: 0 | G46: =IFERROR(F46/E46,0) -> 0 | H46: 0 | I46: =IFERROR(H46/G46,0) -> 0 | J46: 0 | K46: =IFERROR(J46/I46,0) -> 0
B47: ADQUSICIÓN DE BIENES Y SERVICIOS (GASTOS GENERALES) (*) | C47: =SUM(C48:C70) -> 0 | D47: =SUM(D48:D70) -> 0 | E47: =IFERROR(D47/C47,0) -> 0 | F47: =SUM(F48:F70) -> 0 | G47: =IFERROR(F47/E47,0) -> 0 | H47: =SUM(H48:H70) -> 0 | I47: =IFERROR(H47/G47,0) -> 0 | J47: =SUM(J48:J70) -> 0 | K47: =IFERROR(J47/I47,0) -> 0
B48: Honorarios | C48: =IFERROR(_xlfn.XLOOKUP(B48,#REF!,#REF!),0) -> 0 | D48: 0 | E48: =IFERROR(D48/C48,0) -> 0 | F48: 0 | G48: =IFERROR(F48/E48,0) -> 0 | H48: 0 | I48: =IFERROR(H48/G48,0) -> 0 | J48: 0 | K48: =IFERROR(J48/I48,0) -> 0
B49: Dotación y suministro | C49: =IFERROR(_xlfn.XLOOKUP(B49,#REF!,#REF!),0) -> 0 | D49: 0 | E49: =IFERROR(D49/C49,0) -> 0 | F49: 0 | G49: =IFERROR(F49/E49,0) -> 0 | H49: 0 | I49: =IFERROR(H49/G49,0) -> 0 | J49: 0 | K49: =IFERROR(J49/I49,0) -> 0
B50: Servicios de aseo, vigilancia y seguridad | C50: =IFERROR(_xlfn.XLOOKUP(B50,#REF!,#REF!),0) -> 0 | D50: 0 | E50: =IFERROR(D50/C50,0) -> 0 | F50: 0 | G50: =IFERROR(F50/E50,0) -> 0 | H50: 0 | I50: =IFERROR(H50/G50,0) -> 0 | J50: 0 | K50: =IFERROR(J50/I50,0) -> 0
B51: Materiales y suministros | C51: =IFERROR(_xlfn.XLOOKUP(B51,#REF!,#REF!),0) -> 0 | D51: 0 | E51: =IFERROR(D51/C51,0) -> 0 | F51: 0 | G51: =IFERROR(F51/E51,0) -> 0 | H51: 0 | I51: =IFERROR(H51/G51,0) -> 0 | J51: 0 | K51: =IFERROR(J51/I51,0) -> 0
B52: Mantenimiento | C52: =IFERROR(_xlfn.XLOOKUP(B52,#REF!,#REF!),0) -> 0 | D52: 0 | E52: =IFERROR(D52/C52,0) -> 0 | F52: 0 | G52: =IFERROR(F52/E52,0) -> 0 | H52: 0 | I52: =IFERROR(H52/G52,0) -> 0 | J52: 0 | K52: =IFERROR(J52/I52,0) -> 0
B53: Reparaciones | C53: =IFERROR(_xlfn.XLOOKUP(B53,#REF!,#REF!),0) -> 0 | D53: 0 | E53: =IFERROR(D53/C53,0) -> 0 | F53: 0 | G53: =IFERROR(F53/E53,0) -> 0 | H53: 0 | I53: =IFERROR(H53/G53,0) -> 0 | J53: 0 | K53: =IFERROR(J53/I53,0) -> 0
B54: Servicios públicos | C54: =IFERROR(_xlfn.XLOOKUP(B54,#REF!,#REF!),0) -> 0 | D54: 0 | E54: =IFERROR(D54/C54,0) -> 0 | F54: 0 | G54: =IFERROR(F54/E54,0) -> 0 | H54: 0 | I54: =IFERROR(H54/G54,0) -> 0 | J54: 0 | K54: =IFERROR(J54/I54,0) -> 0
B55: Arriendos | C55: =IFERROR(_xlfn.XLOOKUP(B55,#REF!,#REF!),0) -> 0 | D55: 0 | E55: =IFERROR(D55/C55,0) -> 0 | F55: 0 | G55: =IFERROR(F55/E55,0) -> 0 | H55: 0 | I55: =IFERROR(H55/G55,0) -> 0 | J55: 0 | K55: =IFERROR(J55/I55,0) -> 0
B56: Viáticos y Gastos de viaje | C56: =IFERROR(_xlfn.XLOOKUP(B56,#REF!,#REF!),0) -> 0 | D56: 0 | E56: =IFERROR(D56/C56,0) -> 0 | F56: 0 | G56: =IFERROR(F56/E56,0) -> 0 | H56: 0 | I56: =IFERROR(H56/G56,0) -> 0 | J56: 0 | K56: =IFERROR(J56/I56,0) -> 0
B57: Impresos, publicaciones, suscripciones y afiliaciones | C57: =IFERROR(_xlfn.XLOOKUP(B57,#REF!,#REF!),0) -> 0 | D57: 0 | E57: =IFERROR(D57/C57,0) -> 0 | F57: 0 | G57: =IFERROR(F57/E57,0) -> 0 | H57: 0 | I57: =IFERROR(H57/G57,0) -> 0 | J57: 0 | K57: =IFERROR(J57/I57,0) -> 0
B58: Fotocopias | C58: =IFERROR(_xlfn.XLOOKUP(B58,#REF!,#REF!),0) -> 0 | D58: 0 | E58: =IFERROR(D58/C58,0) -> 0 | F58: 0 | G58: =IFERROR(F58/E58,0) -> 0 | H58: 0 | I58: =IFERROR(H58/G58,0) -> 0 | J58: 0 | K58: =IFERROR(J58/I58,0) -> 0
B59: Comunicaciones y transporte - correo | C59: =IFERROR(_xlfn.XLOOKUP(B59,#REF!,#REF!),0) -> 0 | D59: 0 | E59: =IFERROR(D59/C59,0) -> 0 | F59: 0 | G59: =IFERROR(F59/E59,0) -> 0 | H59: 0 | I59: =IFERROR(H59/G59,0) -> 0 | J59: 0 | K59: =IFERROR(J59/I59,0) -> 0
... B70: Divulgación | C70: =IFERROR(_xlfn.XLOOKUP(B70,#REF!,#REF!),0) -> 0 | D70: 0 | E70: =IFERROR(D70/C70,0) -> 0 | F70: 0 | G70: =IFERROR(F70/E70,0) -> 0 | H70: 0 | I70: =IFERROR(H70/G70,0) -> 0 | J70: 0 | K70: =IFERROR(J70/I70,0) -> 0
B71: CONTRAPRESTACIÓN POR ADMINISTRACIÓN | C71: =SUM(C72) -> 0 | D71: =SUM(D72) -> 0 | E71: =IFERROR(D71/C71,0) -> 0 | F71: =SUM(F72) -> 0 | G71: =IFERROR(F71/E71,0) -> 0 | H71: =SUM(H72) -> 0 | I71: =IFERROR(H71/G71,0) -> 0 | J71: =SUM(J72) -> 0 | K71: =IFERROR(J71/I71,0) -> 0
B72: Contraprestación | C72: =IFERROR(_xlfn.XLOOKUP(B72,#REF!,#REF!),0) -> 0 | D72: 0 | E72: =IFERROR(D72/C72,0) -> 0 | F72: 0 | G72: =IFERROR(F72/E72,0) -> 0 | H72: 0 | I72: =IFERROR(H72/G72,0) -> 0 | J72: 0 | K72: =IFERROR(J72/I72,0) -> 0
B73: GASTOS DE INVERSIÓN | C73: =+C74+C140 -> 0 | D73: =+D74+D140 -> 0 | E73: =IFERROR(D73/C73,0) -> 0 | F73: =+F74+F140 -> 0 | G73: =IFERROR(F73/E73,0) -> 0 | H73: =+H74+H140 -> 0 | I73: =IFERROR(H73/G73,0) -> 0 | J73: =+J74+J140 -> 0 | K73: =IFERROR(J73/I73,0) -> 0
B74: GASTOS DE INVERSIÓN EJECUTADOS DIRECTAMENTE POR LA ADMINISTRACIÓN | C74: =+C75+C87+C110 -> 0 | D74: =+D75+D87+D110 -> 0 | E74: =IFERROR(D74/C74,0) -> 0 | F74: =+F75+F87+F110 -> 0 | G74: =IFERROR(F74/E74,0) -> 0 | H74: =+H75+H87+H110 -> 0 | I74: =IFERROR(H74/G74,0) -> 0 | J74: =+J75+J87+J110 -> 0 | K74: =IFERROR(J74/I74,0) -> 0
B75: SERVICIOS PERSONALES | C75: =SUM(C76:C86) -> 0 | D75: =SUM(D76:D86) -> 0 | E75: =IFERROR(D75/C75,0) -> 0 | F75: =SUM(F76:F86) -> 0 | G75: =IFERROR(F75/E75,0) -> 0 | H75: =SUM(H76:H86) -> 0 | I75: =IFERROR(H75/G75,0) -> 0 | J75: =SUM(J76:J86) -> 0 | K75: =IFERROR(J75/I75,0) -> 0
B76: Sueldos | C76: =IFERROR(_xlfn.XLOOKUP(B76,#REF!,#REF!),0) -> 0 | D76: 0 | E76: =IFERROR(D76/C76,0) -> 0 | F76: 0 | G76: =IFERROR(F76/E76,0) -> 0 | H76: 0 | I76: =IFERROR(H76/G76,0) -> 0 | J76: 0 | K76: =IFERROR(J76/I76,0) -> 0
B77: Auxilio de Transporte | C77: =IFERROR(_xlfn.XLOOKUP(B77,#REF!,#REF!),0) -> 0 | D77: 0 | E77: =IFERROR(D77/C77,0) -> 0 | F77: 0 | G77: =IFERROR(F77/E77,0) -> 0 | H77: 0 | I77: =IFERROR(H77/G77,0) -> 0 | J77: 0 | K77: =IFERROR(J77/I77,0) -> 0
B78: Vacaciones | C78: =IFERROR(_xlfn.XLOOKUP(B78,#REF!,#REF!),0) -> 0 | D78: 0 | E78: =IFERROR(D78/C78,0) -> 0 | F78: 0 | G78: =IFERROR(F78/E78,0) -> 0 | H78: 0 | I78: =IFERROR(H78/G78,0) -> 0 | J78: 0 | K78: =IFERROR(J78/I78,0) -> 0
B79: Prima legal | C79: =IFERROR(_xlfn.XLOOKUP(B79,#REF!,#REF!),0) -> 0 | D79: 0 | E79: =IFERROR(D79/C79,0) -> 0 | F79: 0 | G79: =IFERROR(F79/E79,0) -> 0 | H79: 0 | I79: =IFERROR(H79/G79,0) -> 0 | J79: 0 | K79: =IFERROR(J79/I79,0) -> 0
B80: Cesantías | C80: =IFERROR(_xlfn.XLOOKUP(B80,#REF!,#REF!),0) -> 0 | D80: 0 | E80: =IFERROR(D80/C80,0) -> 0 | F80: 0 | G80: =IFERROR(F80/E80,0) -> 0 | H80: 0 | I80: =IFERROR(H80/G80,0) -> 0 | J80: 0 | K80: =IFERROR(J80/I80,0) -> 0
B81: Intereses de cesantías | C81: =IFERROR(_xlfn.XLOOKUP(B81,#REF!,#REF!),0) -> 0 | D81: 0 | E81: =IFERROR(D81/C81,0) -> 0 | F81: 0 | G81: =IFERROR(F81/E81,0) -> 0 | H81: 0 | I81: =IFERROR(H81/G81,0) -> 0 | J81: 0 | K81: =IFERROR(J81/I81,0) -> 0
B82: Seguros y/o fondos privados | C82: =IFERROR(_xlfn.XLOOKUP(B82,#REF!,#REF!),0) -> 0 | D82: 0 | E82: =IFERROR(D82/C82,0) -> 0 | F82: 0 | G82: =IFERROR(F82/E82,0) -> 0 | H82: 0 | I82: =IFERROR(H82/G82,0) -> 0 | J82: 0 | K82: =IFERROR(J82/I82,0) -> 0
B83: Caja de compensación | C83: =IFERROR(_xlfn.XLOOKUP(B83,#REF!,#REF!),0) -> 0 | D83: 0 | E83: =IFERROR(D83/C83,0) -> 0 | F83: 0 | G83: =IFERROR(F83/E83,0) -> 0 | H83: 0 | I83: =IFERROR(H83/G83,0) -> 0 | J83: 0 | K83: =IFERROR(J83/I83,0) -> 0
B84: Aportes ICBF | C84: =IFERROR(_xlfn.XLOOKUP(B84,#REF!,#REF!),0) -> 0 | D84: 0 | E84: =IFERROR(D84/C84,0) -> 0 | F84: 0 | G84: =IFERROR(F84/E84,0) -> 0 | H84: 0 | I84: =IFERROR(H84/G84,0) -> 0 | J84: 0 | K84: =IFERROR(J84/I84,0) -> 0
B85: Aportes SENA | C85: =IFERROR(_xlfn.XLOOKUP(B85,#REF!,#REF!),0) -> 0 | D85: 0 | E85: =IFERROR(D85/C85,0) -> 0 | F85: 0 | G85: =IFERROR(F85/E85,0) -> 0 | H85: 0 | I85: =IFERROR(H85/G85,0) -> 0 | J85: 0 | K85: =IFERROR(J85/I85,0) -> 0
B86: Indemnizaciones | C86: =IFERROR(_xlfn.XLOOKUP(B86,#REF!,#REF!),0) -> 0 | D86: 0 | E86: =IFERROR(D86/C86,0) -> 0 | F86: 0 | G86: =IFERROR(F86/E86,0) -> 0 | H86: 0 | I86: =IFERROR(H86/G86,0) -> 0 | J86: 0 | K86: =IFERROR(J86/I86,0) -> 0
B87: ADQUSICIÓN DE BIENES Y SERVICIOS (GASTOS GENERALES) | C87: =SUM(C88:C107) -> 0 | D87: =SUM(D88:D107) -> 0 | E87: =IFERROR(D87/C87,0) -> 0 | F87: =SUM(F88:F107) -> 0 | G87: =IFERROR(F87/E87,0) -> 0 | H87: =SUM(H88:H107) -> 0 | I87: =IFERROR(H87/G87,0) -> 0 | J87: =SUM(J88:J107) -> 0 | K87: =IFERROR(J87/I87,0) -> 0
B88: Honorarios | C88: =IFERROR(_xlfn.XLOOKUP(B88,#REF!,#REF!),0) -> 0 | D88: 0 | E88: =IFERROR(D88/C88,0) -> 0 | F88: 0 | G88: =IFERROR(F88/E88,0) -> 0 | H88: 0 | I88: =IFERROR(H88/G88,0) -> 0 | J88: 0 | K88: =IFERROR(J88/I88,0) -> 0
B89: Dotación y suministro a trabajadores | C89: =IFERROR(_xlfn.XLOOKUP(B89,#REF!,#REF!),0) -> 0 | D89: 0 | E89: =IFERROR(D89/C89,0) -> 0 | F89: 0 | G89: =IFERROR(F89/E89,0) -> 0 | H89: 0 | I89: =IFERROR(H89/G89,0) -> 0 | J89: 0 | K89: =IFERROR(J89/I89,0) -> 0
B90: Servicios de aseo, vigilancia y seguridad | C90: =IFERROR(_xlfn.XLOOKUP(B90,#REF!,#REF!),0) -> 0 | D90: 0 | E90: =IFERROR(D90/C90,0) -> 0 | F90: 0 | G90: =IFERROR(F90/E90,0) -> 0 | H90: 0 | I90: =IFERROR(H90/G90,0) -> 0 | J90: 0 | K90: =IFERROR(J90/I90,0) -> 0
B91: Materiales y suministros (insumos agrícolas y pecuarios) | C91: =IFERROR(_xlfn.XLOOKUP(B91,#REF!,#REF!),0) -> 0 | D91: 0 | E91: =IFERROR(D91/C91,0) -> 0 | F91: 0 | G91: =IFERROR(F91/E91,0) -> 0 | H91: 0 | I91: =IFERROR(H91/G91,0) -> 0 | J91: 0 | K91: =IFERROR(J91/I91,0) -> 0
B92: Mantenimiento | C92: =IFERROR(_xlfn.XLOOKUP(B92,#REF!,#REF!),0) -> 0 | D92: 0 | E92: =IFERROR(D92/C92,0) -> 0 | F92: 0 | G92: =IFERROR(F92/E92,0) -> 0 | H92: 0 | I92: =IFERROR(H92/G92,0) -> 0 | J92: 0 | K92: =IFERROR(J92/I92,0) -> 0
B93: Reparaciones | C93: =IFERROR(_xlfn.XLOOKUP(B93,#REF!,#REF!),0) -> 0 | D93: 0 | E93: =IFERROR(D93/C93,0) -> 0 | F93: 0 | G93: =IFERROR(F93/E93,0) -> 0 | H93: 0 | I93: =IFERROR(H93/G93,0) -> 0 | J93: 0 | K93: =IFERROR(J93/I93,0) -> 0
B94: Servicios públicos | C94: =IFERROR(_xlfn.XLOOKUP(B94,#REF!,#REF!),0) -> 0 | D94: 0 | E94: =IFERROR(D94/C94,0) -> 0 | F94: 0 | G94: =IFERROR(F94/E94,0) -> 0 | H94: 0 | I94: =IFERROR(H94/G94,0) -> 0 | J94: 0 | K94: =IFERROR(J94/I94,0) -> 0
B95: Arriendos | C95: =IFERROR(_xlfn.XLOOKUP(B95,#REF!,#REF!),0) -> 0 | D95: 0 | E95: =IFERROR(D95/C95,0) -> 0 | F95: 0 | G95: =IFERROR(F95/E95,0) -> 0 | H95: 0 | I95: =IFERROR(H95/G95,0) -> 0 | J95: 0 | K95: =IFERROR(J95/I95,0) -> 0
B96: Viáticos y Gastos de viaje | C96: =IFERROR(_xlfn.XLOOKUP(B96,#REF!,#REF!),0) -> 0 | D96: 0 | E96: =IFERROR(D96/C96,0) -> 0 | F96: 0 | G96: =IFERROR(F96/E96,0) -> 0 | H96: 0 | I96: =IFERROR(H96/G96,0) -> 0 | J96: 0 | K96: =IFERROR(J96/I96,0) -> 0
B97: Impresos, publicaciones, suscripciones y afiliaciones | C97: =IFERROR(_xlfn.XLOOKUP(B97,#REF!,#REF!),0) -> 0 | D97: 0 | E97: =IFERROR(D97/C97,0) -> 0 | F97: 0 | G97: =IFERROR(F97/E97,0) -> 0 | H97: 0 | I97: =IFERROR(H97/G97,0) -> 0 | J97: 0 | K97: =IFERROR(J97/I97,0) -> 0
B98: Fotocopias | C98: =IFERROR(_xlfn.XLOOKUP(B98,#REF!,#REF!),0) -> 0 | D98: 0 | E98: =IFERROR(D98/C98,0) -> 0 | F98: 0 | G98: =IFERROR(F98/E98,0) -> 0 | H98: 0 | I98: =IFERROR(H98/G98,0) -> 0 | J98: 0 | K98: =IFERROR(J98/I98,0) -> 0
B99: Comunicaciones y transporte - correo | C99: =IFERROR(_xlfn.XLOOKUP(B99,#REF!,#REF!),0) -> 0 | D99: 0 | E99: =IFERROR(D99/C99,0) -> 0 | F99: 0 | G99: =IFERROR(F99/E99,0) -> 0 | H99: 0 | I99: =IFERROR(H99/G99,0) -> 0 | J99: 0 | K99: =IFERROR(J99/I99,0) -> 0
... B109: Alquiler de maquinaria y equipo | C109: =IFERROR(_xlfn.XLOOKUP(B109,#REF!,#REF!),0) -> 0 | D109: 0 | E109: =IFERROR(D109/C109,0) -> 0 | F109: 0 | G109: =IFERROR(F109/E109,0) -> 0 | H109: 0 | I109: =IFERROR(H109/G109,0) -> 0 | J109: 0 | K109: =IFERROR(J109/I109,0) -> 0
B110: PROGRAMAS Y PROYECTOS | C110: =+C111+C126 -> 0 | D110: =+D111+D126 -> 0 | E110: =IFERROR(D110/C110,0) -> 0 | F110: =+F111+F126 -> 0 | G110: =IFERROR(F110/E110,0) -> 0 | H110: =+H111+H126 -> 0 | I110: =IFERROR(H110/G110,0) -> 0 | J110: =+J111+J126 -> 0 | K110: =IFERROR(J110/I110,0) -> 0
B111: Programa 1 - Investigación y transferencia de tecnología | C111: =+C112+C117+C123 -> 0 | D111: =+D112+D117+D123 -> 0 | E111: =IFERROR(D111/C111,0) -> 0 | F111: =+F112+F117+F123 -> 0 | G111: =IFERROR(F111/E111,0) -> 0 | H111: =+H112+H117+H123 -> 0 | I111: =IFERROR(H111/G111,0) -> 0 | J111: =+J112+J117+J123 -> 0 | K111: =IFERROR(J111/I111,0) -> 0
B112: Proyecto No 1 - ITPA | C112: =+SUM(C113:C116) -> 0 | D112: =+SUM(D113:D116) -> 0 | E112: =IFERROR(D112/C112,0) -> 0 | F112: =+SUM(F113:F116) -> 0 | G112: =IFERROR(F112/E112,0) -> 0 | H112: =+SUM(H113:H116) -> 0 | I112: =IFERROR(H112/G112,0) -> 0 | J112: =+SUM(J113:J116) -> 0 | K112: =IFERROR(J112/I112,0) -> 0
B113: Insumos agrícolas | C113: =IFERROR(_xlfn.XLOOKUP(B113,#REF!,#REF!),0) -> 0 | D113: 0 | E113: =IFERROR(D113/C113,0) -> 0 | F113: 0 | G113: =IFERROR(F113/E113,0) -> 0 | H113: 0 | I113: =IFERROR(H113/G113,0) -> 0 | J113: 0 | K113: =IFERROR(J113/I113,0) -> 0
B114: Análisis de suelo ITPA | C114: =IFERROR(_xlfn.XLOOKUP(B114,#REF!,#REF!),0) -> 0 | D114: 0 | E114: =IFERROR(D114/C114,0) -> 0 | F114: 0 | G114: =IFERROR(F114/E114,0) -> 0 | H114: 0 | I114: =IFERROR(H114/G114,0) -> 0 | J114: 0 | K114: =IFERROR(J114/I114,0) -> 0
B115: Trampas Tecia solanivora (feromonas e implementos) | C115: =IFERROR(_xlfn.XLOOKUP(B115,#REF!,#REF!),0) -> 0 | D115: 0 | E115: =IFERROR(D115/C115,0) -> 0 | F115: 0 | G115: =IFERROR(F115/E115,0) -> 0 | H115: 0 | I115: =IFERROR(H115/G115,0) -> 0 | J115: 0 | K115: =IFERROR(J115/I115,0) -> 0
B116: Estudio para el análisis de la vulnerabilidad por riesgo climatico en el cultivo de papa en Colombia. | C116: =IFERROR(_xlfn.XLOOKUP(B116,#REF!,#REF!),0) -> 0 | D116: 0 | E116: =IFERROR(D116/C116,0) -> 0 | F116: 0 | G116: =IFERROR(F116/E116,0) -> 0 | H116: 0 | I116: =IFERROR(H116/G116,0) -> 0 | J116: 0 | K116: =IFERROR(J116/I116,0) -> 0
B117: Proyecto No 2 - Mejoramiento Genético | C117: =+SUM(C118:C122) -> 0 | D117: =+SUM(D118:D122) -> 0 | E117: =IFERROR(D117/C117,0) -> 0 | F117: =+SUM(F118:F122) -> 0 | G117: =IFERROR(F117/E117,0) -> 0 | H117: =+SUM(H118:H122) -> 0 | I117: =IFERROR(H117/G117,0) -> 0 | J117: =+SUM(J118:J122) -> 0 | K117: =IFERROR(J117/I117,0) -> 0
B118: Pruebas de evaluación genómica | C118: =IFERROR(_xlfn.XLOOKUP(B118,#REF!,#REF!),0) -> 0 | D118: 0 | E118: =IFERROR(D118/C118,0) -> 0 | F118: 0 | G118: =IFERROR(F118/E118,0) -> 0 | H118: 0 | I118: =IFERROR(H118/G118,0) -> 0 | J118: 0 | K118: =IFERROR(J118/I118,0) -> 0
B119: Insumos de laboratorio y campo de investigación para patógenos de suelo. | C119: =IFERROR(_xlfn.XLOOKUP(B119,#REF!,#REF!),0) -> 0 | D119: 0 | E119: =IFERROR(D119/C119,0) -> 0 | F119: 0 | G119: =IFERROR(F119/E119,0) -> 0 | H119: 0 | I119: =IFERROR(H119/G119,0) -> 0 | J119: 0 | K119: =IFERROR(J119/I119,0) -> 0
B120: Insumos agrícolas lotes de pruebas | C120: =IFERROR(_xlfn.XLOOKUP(B120,#REF!,#REF!),0) -> 0 | D120: 0 | E120: =IFERROR(D120/C120,0) -> 0 | F120: 0 | G120: =IFERROR(F120/E120,0) -> 0 | H120: 0 | I120: =IFERROR(H120/G120,0) -> 0 | J120: 0 | K120: =IFERROR(J120/I120,0) -> 0
B121: Análisis foliares | C121: =IFERROR(_xlfn.XLOOKUP(B121,#REF!,#REF!),0) -> 0 | D121: 0 | E121: =IFERROR(D121/C121,0) -> 0 | F121: 0 | G121: =IFERROR(F121/E121,0) -> 0 | H121: 0 | I121: =IFERROR(H121/G121,0) -> 0 | J121: 0 | K121: =IFERROR(J121/I121,0) -> 0
B122: Análisis de suelo | C122: =IFERROR(_xlfn.XLOOKUP(B122,#REF!,#REF!),0) -> 0 | D122: 0 | E122: =IFERROR(D122/C122,0) -> 0 | F122: 0 | G122: =IFERROR(F122/E122,0) -> 0 | H122: 0 | I122: =IFERROR(H122/G122,0) -> 0 | J122: 0 | K122: =IFERROR(J122/I122,0) -> 0
B123: Proyecto No 3 - Semilla Certificada Fase I | C123: =+SUM(C124:C125) -> 0 | D123: =+SUM(D124:D125) -> 0 | E123: =IFERROR(D123/C123,0) -> 0 | F123: =+SUM(F124:F125) -> 0 | G123: =IFERROR(F123/E123,0) -> 0 | H123: =+SUM(H124:H125) -> 0 | I123: =IFERROR(H123/G123,0) -> 0 | J123: =+SUM(J124:J125) -> 0 | K123: =IFERROR(J123/I123,0) -> 0
B124: Analisis de virus y patogenos normatividad ICA | C124: =IFERROR(_xlfn.XLOOKUP(B124,#REF!,#REF!),0) -> 0 | D124: 0 | E124: =IFERROR(D124/C124,0) -> 0 | F124: 0 | G124: =IFERROR(F124/E124,0) -> 0 | H124: 0 | I124: =IFERROR(H124/G124,0) -> 0 | J124: 0 | K124: =IFERROR(J124/I124,0) -> 0
B125: Programa de transferencia de tecnología a través de la ampliación de oferta de tubérculo semilla - categoría certificada | C125: =IFERROR(_xlfn.XLOOKUP(B125,#REF!,#REF!),0) -> 0 | D125: 0 | E125: =IFERROR(D125/C125,0) -> 0 | F125: 0 | G125: =IFERROR(F125/E125,0) -> 0 | H125: 0 | I125: =IFERROR(H125/G125,0) -> 0 | J125: 0 | K125: =IFERROR(J125/I125,0) -> 0
B126: Programa 2 - Investigaciones económicas y mercados | C126: =+C127+C132+C138 -> 0 | D126: =+D127+D132+D138 -> 0 | E126: =IFERROR(D126/C126,0) -> 0 | F126: =+F127+F132+F138 -> 0 | G126: =IFERROR(F126/E126,0) -> 0 | H126: =+H127+H132+H138 -> 0 | I126: =IFERROR(H126/G126,0) -> 0 | J126: =+J127+J132+J138 -> 0 | K126: =IFERROR(J126/I126,0) -> 0
...

Sheet Anexo No. 9 Detalle x progr
B1: MINISTERIO DE AGRICULTURA Y DESARROLLO RURAL FORMATO PARA LA EJECUCIÓN DE GASTOS DE FUNCIONAMIENTO (INCLUYE CONTRAPRESTACIÓN POR ADMINISTRACIÓN) E INVERSIÓN POR PROGRAMA DE LOS FONDOS DE FOMENTO AGRICOLAS, FORESTALES, PECUARIOS Y PESQUEROS, Y DE LOS FONDOS DE ESTABILIZACIÓN DE PRECIOS
B5: DIRECCIÓN DE CADENAS AGRÍCOLAS Y FORESTALES - DIRECCIÓN DE CADENAS PECUARIAS, PESQUERAS Y ACUÍCOLAS | I5: Fecha: XXXX-XX-XX
B7: FONDO: | C7: FONDO NACIONAL DE FOMENTO DE LA PAPA - FNFP
B8: AÑO PROYECTADO | C8: =#REF! -> #REF!
B9: FECHA DE ELABORACIÓN | C9: =+'Anexo No. 8 Ejecución Ptal'!C10 -> #REF!
B11: ANEXO No. 9
B12: Cifras Expresadas en Pesos Colombianos
B13: CUENTAS | C13: EJECUCIÓN PRESUPUESTAL ACUMULADA A XXXX 2025 DE GASTOS DE FUNCIONAMIENTO E INVERSIÓN POR PROGRAMA | I13: TOTAL EJECUTADO
C14: FUNCIONAMIENTO | E14: TOTAL GASTOS DE FUNCIONAMIENTO | F14: PROGRAMA No. 1 | G14: PROGRAMA No. 2 | H14: TOTAL GASTOS DE INVERSIÓN
C15: ADMINISTRATIVO | D15: RECAUDO | F15: No.1 - INVESTIGACION Y TRANSFERENCIA DE TECNOLOGIA | G15: No. 2 - INVESTIGACION ECONOMICA Y MERCADOS
B16: GASTOS DE FUNCIONAMIENTO | C16: =+C17+C54 -> 0 | D16: =+D17+D54 -> 0 | E16: =+E17+E54 -> 0 | F16: =+F17+F54 -> 0 | G16: =+G17+G54 -> 0 | H16: =+H17+H54 -> 0 | I16: =+I17+I54 -> 0
B17: GASTOS DE ADMINISTRACIÓN | C17: =+C18+C30 -> 0 | D17: =+D18+D30 -> 0 | E17: =+E18+E30 -> 0 | F17: =+F18+F30 -> 0 | G17: =+G18+G30 -> 0 | H17: =+H18+H30 -> 0 | I17: =+I18+I30 -> 0
B18: SERVICIOS PERSONALES (*) | C18: =SUM(C19:C29) -> 0 | D18: =SUM(D19:D29) -> 0 | E18: =SUM(E19:E29) -> 0 | F18: =SUM(F19:F29) -> 0 | G18: =SUM(G19:G29) -> 0 | H18: =SUM(H19:H29) -> 0 | I18: =SUM(I19:I29) -> 0
B19: Sueldos | C19: 0 | D19: 0 | E19: 0 | F19: 0 | G19: 0 | H19: 0 | I19: 0
B20: Auxilio de Transporte | C20: 0 | D20: 0 | E20: 0 | F20: 0 | G20: 0 | H20: 0 | I20: 0
B21: Vacaciones | C21: 0 | D21: 0 | E21: 0 | F21: 0 | G21: 0 | H21: 0 | I21: 0
B22: Prima legal | C22: 0 | D22: 0 | E22: 0 | F22: 0 | G22: 0 | H22: 0 | I22: 0
B23: Cesantías | C23: 0 | D23: 0 | E23: 0 | F23: 0 | G23: 0 | H23: 0 | I23: 0
B24: Intereses de cesantías | C24: 0 | D24: 0 | E24: 0 | F24: 0 | G24: 0 | H24: 0 | I24: 0
B25: Seguros y/o fondos privados | C25: 0 | D25: 0 | E25: 0 | F25: 0 | G25: 0 | H25: 0 | I25: 0
B26: Caja de compensación | C26: 0 | D26: 0 | E26: 0 | F26: 0 | G26: 0 | H26: 0 | I26: 0
B27: Aportes ICBF | C27: 0 | D27: 0 | E27: 0 | F27: 0 | G27: 0 | H27: 0 | I27: 0
B28: Aportes SENA | C28: 0 | D28: 0 | E28: 0 | F28: 0 | G28: 0 | H28: 0 | I28: 0
B29: Indemnizaciones | C29: 0 | D29: 0 | E29: 0 | F29: 0 | G29: 0 | H29: 0 | I29: 0
B30: ADQUSICIÓN DE BIENES Y SERVICIOS (GASTOS GENERALES) (*) | C30: =SUM(C31:C53) -> 0 | D30: =SUM(D31:D53) -> 0 | E30: =SUM(E31:E53) -> 0 | F30: =SUM(F31:F53) -> 0 | G30: =SUM(G31:G53) -> 0 | H30: =SUM(H31:H53) -> 0 | I30: =SUM(I31:I53) -> 0
B31: Honorarios | C31: 0 | D31: 0 | E31: 0 | F31: 0 | G31: 0 | H31: 0 | I31: 0
B32: Dotación y suministro | C32: 0 | D32: 0 | E32: 0 | F32: 0 | G32: 0 | H32: 0 | I32: 0
B33: Servicios de aseo, vigilancia y seguridad | C33: 0 | D33: 0 | E33: 0 | F33: 0 | G33: 0 | H33: 0 | I33: 0
B34: Materiales y suministros | C34: 0 | D34: 0 | E34: 0 | F34: 0 | G34: 0 | H34: 0 | I34: 0
B35: Mantenimiento | C35: 0 | D35: 0 | E35: 0 | F35: 0 | G35: 0 | H35: 0 | I35: 0
B36: Reparaciones | C36: 0 | D36: 0 | E36: 0 | F36: 0 | G36: 0 | H36: 0 | I36: 0
B37: Servicios públicos | C37: 0 | D37: 0 | E37: 0 | F37: 0 | G37: 0 | H37: 0 | I37: 0
B38: Arriendos | C38: 0 | D38: 0 | E38: 0 | F38: 0 | G38: 0 | H38: 0 | I38: 0
B39: Viáticos y Gastos de viaje | C39: 0 | D39: 0 | E39: 0 | F39: 0 | G39: 0 | H39: 0 | I39: 0
B40: Impresos, publicaciones, suscripciones y afiliaciones | C40: 0 | D40: 0 | E40: 0 | F40: 0 | G40: 0 | H40: 0 | I40: 0
B41: Fotocopias | C41: 0 | D41: 0 | E41: 0 | F41: 0 | G41: 0 | H41: 0 | I41: 0
B42: Comunicaciones y transporte - correo | C42: 0 | D42: 0 | E42: 0 | F42: 0 | G42: 0 | H42: 0 | I42: 0
... B53: Divulgación | C53: 0 | D53: 0 | E53: 0 | F53: 0 | G53: 0 | H53: 0 | I53: 0
B54: CONTRAPRESTACIÓN POR ADMINISTRACIÓN | C54: =SUM(C55) -> 0 | D54: =SUM(D55) -> 0 | E54: =SUM(E55) -> 0 | F54: =SUM(F55) -> 0 | G54: =SUM(G55) -> 0 | H54: =SUM(H55) -> 0 | I54: =SUM(I55) -> 0
B55: Contraprestación | C55: 0 | D55: 0 | E55: 0 | F55: 0 | G55: 0 | H55: 0 | I55: 0
B56: GASTOS DE INVERSIÓN | C56: =+C57+C123 -> 0 | D56: =+D57+D123 -> 0 | E56: =+E57+E123 -> 0 | F56: =+F57+F123 -> 0 | G56: =+G57+G123 -> 0 | H56: =+H57+H123 -> 0 | I56: =+I57+I123 -> 0
B57: GASTOS DE INVERSIÓN EJECUTADOS DIRECTAMENTE POR LA ADMINISTRACIÓN | C57: =+C58+C70+C93 -> 0 | D57: =+D58+D70+D93 -> 0 | E57: =+E58+E70+E93 -> 0 | F57: =+F58+F70+F93 -> 0 | G57: =+G58+G70+G93 -> 0 | H57: =+H58+H70+H93 -> 0 | I57: =+I58+I70+I93 -> 0
B58: SERVICIOS PERSONALES | C58: =SUM(C59:C69) -> 0 | D58: =SUM(D59:D69) -> 0 | E58: =SUM(E59:E69) -> 0 | F58: =SUM(F59:F69) -> 0 | G58: =SUM(G59:G69) -> 0 | H58: =SUM(H59:H69) -> 0 | I58: =SUM(I59:I69) -> 0
B59: Sueldos | C59: 0 | D59: 0 | E59: 0 | F59: 0 | G59: 0 | H59: 0 | I59: 0
B60: Auxilio de Transporte | C60: 0 | D60: 0 | E60: 0 | F60: 0 | G60: 0 | H60: 0 | I60: 0
B61: Vacaciones | C61: 0 | D61: 0 | E61: 0 | F61: 0 | G61: 0 | H61: 0 | I61: 0
B62: Prima legal | C62: 0 | D62: 0 | E62: 0 | F62: 0 | G62: 0 | H62: 0 | I62: 0
B63: Cesantías | C63: 0 | D63: 0 | E63: 0 | F63: 0 | G63: 0 | H63: 0 | I63: 0
B64: Intereses de cesantías | C64: 0 | D64: 0 | E64: 0 | F64: 0 | G64: 0 | H64: 0 | I64: 0
B65: Seguros y/o fondos privados | C65: 0 | D65: 0 | E65: 0 | F65: 0 | G65: 0 | H65: 0 | I65: 0
B66: Caja de compensación | C66: 0 | D66: 0 | E66: 0 | F66: 0 | G66: 0 | H66: 0 | I66: 0
B67: Aportes ICBF | C67: 0 | D67: 0 | E67: 0 | F67: 0 | G67: 0 | H67: 0 | I67: 0
B68: Aportes SENA | C68: 0 | D68: 0 | E68: 0 | F68: 0 | G68: 0 | H68: 0 | I68: 0
B69: Indemnizaciones | C69: 0 | D69: 0 | E69: 0 | F69: 0 | G69: 0 | H69: 0 | I69: 0
B70: ADQUSICIÓN DE BIENES Y SERVICIOS (GASTOS GENERALES) | C70: =SUM(C71:C90) -> 0 | D70: =SUM(D71:D90) -> 0 | E70: =SUM(E71:E90) -> 0 | F70: =SUM(F71:F90) -> 0 | G70: =SUM(G71:G90) -> 0 | H70: =SUM(H71:H90) -> 0 | I70: =SUM(I71:I90) -> 0
B71: Honorarios | C71: 0 | D71: 0 | E71: 0 | F71: 0 | G71: 0 | H71: 0 | I71: 0
B72: Dotación y suministro a trabajadores | C72: 0 | D72: 0 | E72: 0 | F72: 0 | G72: 0 | H72: 0 | I72: 0
B73: Servicios de aseo, vigilancia y seguridad | C73: 0 | D73: 0 | E73: 0 | F73: 0 | G73: 0 | H73: 0 | I73: 0
B74: Materiales y suministros (insumos agrícolas y pecuarios) | C74: 0 | D74: 0 | E74: 0 | F74: 0 | G74: 0 | H74: 0 | I74: 0
B75: Mantenimiento | C75: 0 | D75: 0 | E75: 0 | F75: 0 | G75: 0 | H75: 0 | I75: 0
B76: Reparaciones | C76: 0 | D76: 0 | E76: 0 | F76: 0 | G76: 0 | H76: 0 | I76: 0
B77: Servicios públicos | C77: 0 | D77: 0 | E77: 0 | F77: 0 | G77: 0 | H77: 0 | I77: 0
B78: Arriendos | C78: 0 | D78: 0 | E78: 0 | F78: 0 | G78: 0 | H78: 0 | I78: 0
B79: Viáticos y Gastos de viaje | C79: 0 | D79: 0 | E79: 0 | F79: 0 | G79: 0 | H79: 0 | I79: 0
B80: Impresos, publicaciones, suscripciones y afiliaciones | C80: 0 | D80: 0 | E80: 0 | F80: 0 | G80: 0 | H80: 0 | I80: 0
B81: Fotocopias | C81: 0 | D81: 0 | E81: 0 | F81: 0 | G81: 0 | H81: 0 | I81: 0
B82: Comunicaciones y transporte - correo | C82: 0 | D82: 0 | E82: 0 | F82: 0 | G82: 0 | H82: 0 | I82: 0
... B92: Alquiler de maquinaria y equipo | C92: 0 | D92: 0 | E92: 0 | F92: 0 | G92: 0 | H92: 0 | I92: 0
B93: PROGRAMAS Y PROYECTOS | C93: =+C94+C109 -> 0 | D93: =+D94+D109 -> 0 | E93: =+E94+E109 -> 0 | F93: =+F94+F109 -> 0 | G93: =+G94+G109 -> 0 | H93: =+H94+H109 -> 0 | I93: =+I94+I109 -> 0
B94: Programa 1 - Investigación y transferencia de tecnología | C94: =+C95+C100+C106 -> 0 | D94: =+D95+D100+D106 -> 0 | E94: =+E95+E100+E106 -> 0 | F94: =+F95+F100+F106 -> 0 | G94: =+G95+G100+G106 -> 0 | H94: =+H95+H100+H106 -> 0 | I94: =+I95+I100+I106 -> 0
B95: Proyecto No 1 - ITPA | C95: =+SUM(C96:C99) -> 0 | D95: =+SUM(D96:D99) -> 0 | E95: =+SUM(E96:E99) -> 0 | F95: =+SUM(F96:F99) -> 0 | G95: =+SUM(G96:G99) -> 0 | H95: =+SUM(H96:H99) -> 0 | I95: =+SUM(I96:I99) -> 0
B96: Insumos agrícolas | C96: 0 | D96: 0 | E96: 0 | F96: 0 | G96: 0 | H96: 0 | I96: 0
B97: Análisis de suelo ITPA | C97: 0 | D97: 0 | E97: 0 | F97: 0 | G97: 0 | H97: 0 | I97: 0
B98: Trampas Tecia solanivora (feromonas e implementos) | C98: 0 | D98: 0 | E98: 0 | F98: 0 | G98: 0 | H98: 0 | I98: 0
B99: Estudio para el análisis de la vulnerabilidad por riesgo climatico en el cultivo de papa en Colombia. | C99: 0 | D99: 0 | E99: 0 | F99: 0 | G99: 0 | H99: 0 | I99: 0
B100: Proyecto No 2 - Mejoramiento Genético | C100: =+SUM(C101:C105) -> 0 | D100: =+SUM(D101:D105) -> 0 | E100: =+SUM(E101:E105) -> 0 | F100: =+SUM(F101:F105) -> 0 | G100: =+SUM(G101:G105) -> 0 | H100: =+SUM(H101:H105) -> 0 | I100: =+SUM(I101:I105) -> 0
B101: Pruebas de evaluación genómica | C101: 0 | D101: 0 | E101: 0 | F101: 0 | G101: 0 | H101: 0 | I101: 0
B102: Insumos de laboratorio y campo de investigación para patógenos de suelo. | C102: 0 | D102: 0 | E102: 0 | F102: 0 | G102: 0 | H102: 0 | I102: 0
B103: Insumos agrícolas lotes de pruebas | C103: 0 | D103: 0 | E103: 0 | F103: 0 | G103: 0 | H103: 0 | I103: 0
B104: Análisis foliares | C104: 0 | D104: 0 | E104: 0 | F104: 0 | G104: 0 | H104: 0 | I104: 0
B105: Análisis de suelo | C105: 0 | D105: 0 | E105: 0 | F105: 0 | G105: 0 | H105: 0 | I105: 0
B106: Proyecto No 3 - Semilla Certificada Fase I | C106: =+SUM(C107:C108) -> 0 | D106: =+SUM(D107:D108) -> 0 | E106: =+SUM(E107:E108) -> 0 | F106: =+SUM(F107:F108) -> 0 | G106: =+SUM(G107:G108) -> 0 | H106: =+SUM(H107:H108) -> 0 | I106: =+SUM(I107:I108) -> 0
B107: Analisis de virus y patogenos normatividad ICA | C107: 0 | D107: 0 | E107: 0 | F107: 0 | G107: 0 | H107: 0 | I107: 0
B108: Programa de transferencia de tecnología a través de la ampliación de oferta de tubérculo semilla - categoría certificada | C108: 0 | D108: 0 | E108: 0 | F108: 0 | G108: 0 | H108: 0 | I108: 0
B109: Programa 2 - Investigaciones económicas y mercados | C109: =+C110+C115+C121 -> 0 | D109: =+D110+D115+D121 -> 0 | E109: =+E110+E115+E121 -> 0 | F109: =+F110+F115+F121 -> 0 | G109: =+G110+G115+G121 -> 0 | H109: =+H110+H115+H121 -> 0 | I109: =+I110+I115+I121 -> 0
B110: Proyecto No 1 - Campaña de promocion al consumo | C110: =+SUM(C111:C114) -> 0 | D110: =+SUM(D111:D114) -> 0 | E110: =+SUM(E111:E114) -> 0 | F110: =+SUM(F111:F114) -> 0 | G110: =+SUM(G111:G114) -> 0 | H110: =+SUM(H111:H114) -> 0 | I110: =+SUM(I111:I114) -> 0
B111: ATL | C111: 0 | D111: 0 | E111: 0 | F111: 0 | G111: 0 | H111: 0 | I111: 0
B112: BTL | C112: 0 | D112: 0 | E112: 0 | F112: 0 | G112: 0 | H112: 0 | I112: 0
B113: Digital | C113: 0 | D113: 0 | E113: 0 | F113: 0 | G113: 0 | H113: 0 | I113: 0
B114: Estudio de percepción de la categoría | C114: 0 | D114: 0 | E114: 0 | F114: 0 | G114: 0 | H114: 0 | I114: 0
B115: Proyecto No 2 - Sistemas de informacion estadistica y estudios economicos de la cadena agroalimentaria de la papa | C115: =+SUM(C116:C120) -> 0 | D115: =+SUM(D116:D120) -> 0 | E115: =+SUM(E116:E120) -> 0 | F115: =+SUM(F116:F120) -> 0 | G115: =+SUM(G116:G120) -> 0 | H115: =+SUM(H116:H120) -> 0 | I115: =+SUM(I116:I120) -> 0
B116: Investigación de consumo per cápita de papa en Colombia | C116: 0 | D116: 0 | E116: 0 | F116: 0 | G116: 0 | H116: 0 | I116: 0
B117: Estudios e investigaciones Económicas | C117: 0 | D117: 0 | E117: 0 | F117: 0 | G117: 0 | H117: 0 | I117: 0
B118: Estudio diseño de estrategias para el mejoramiento del desempeño ambiental de la cadena de la papa en Colombia. | C118: 0 | D118: 0 | E118: 0 | F118: 0 | G118: 0 | H118: 0 | I118: 0
B119: Estudio de caracterización de tecnologías y diseño de estrategia logística para la optimización del subsector papa en Colombia. | C119: 0 | D119: 0 | E119: 0 | F119: 0 | G119: 0 | H119: 0 | I119: 0
B120: Estudio de competitividad de la induistria de la papa procesada a partir de la aplicación de estrategias de inteligencia de mercados. | C120: 0 | D120: 0 | E120: 0 | F120: 0 | G120: 0 | H120: 0 | I120: 0
B121: Proyecto No 3 - Implementacion de un modelo agroindustrial innovador a pequeña escala para la elaboracion de productos derivados a partir de la transformacion de la papa | C121: =+C122 -> 0 | D121: =+D122 -> 0 | E121: =+E122 -> 0 | F121: =+F122 -> 0 | G121: =+G122 -> 0 | H121: =+H122 -> 0 | I121: =+I122 -> 0
B122: Análisis y caracterización de producto | C122: 0 | D122: 0 | E122: 0 | F122: 0 | G122: 0 | H122: 0 | I122: 0
B123: COMPENSACIONES DE ESTABILIZACIÓN (%) | C123: =+C124 -> 0 | D123: =+D124 -> 0 | E123: =+E124 -> 0 | F123: =+F124 -> 0 | G123: =+G124 -> 0 | H123: =+H124 -> 0 | I123: =+I124 -> 0
B124: Compensaciones de Estabilización | C124: 0 | D124: 0 | E124: 0 | F124: 0 | G124: 0 | H124: 0 | I124: 0
...

Sheet Anexo No. 10 Detalle x proy
B2: MINISTERIO DE AGRICULTURA Y DESARROLLO RURAL FORMATO EJECUCIÓN DE LOS GASTOS DE INVERSIÓN POR PROGRAMAS PROYECTOS DE LOS FONDOS DE FOMENTO AGRICOLAS, FORESTALES, PECUARIOS Y PESQUEROS, Y FONDOS DE ESTABILIZACIÓN DE PRECIOS
B6: DIRECCIÓN DE CADENAS AGRÍCOLAS Y FORESTALES - DIRECCIÓN DE CADENAS PECUARIAS, PESQUERAS Y ACUÍCOLAS | K6: Fecha: XXXX-XX-XX
B8: FONDO: | C8: FONDO NACIONAL DE FOMENTO DE LA PAPA - FNFP
B9: AÑO PROYECTADO | C9: =#REF! -> #REF!
B10: FECHA DE ELABORACIÓN | C10: =+'Anexo No. 9 Detalle x progr'!C9 -> #REF!
B12: ANEXO No. 10
B13: Cifras Expresadas en Pesos Colombianos
B14: CUENTAS | C14: INVERSIÓN | K14: TOTAL EJECUTADO PRESUPUESTO INVERSIÓN
C15: PROGRAMA No. 1 INVESTIGACION Y TRANSFERENCIA DE TECNOLOGIA | G15: No. 2 - INVESTIGACION ECONOMICA Y MERCADOS
C16: APROPIACION | D16: EJECUCION | E16: SALDO | F16: % EJECUCION | G16: APROPIACION | H16: EJECUCION | I16: SALDO | J16: % EJECUCION
B17: GASTOS DE INVERSIÓN | C17: =+C18+C89 -> 0 | D17: =+D18+D89 -> 0 | E17: =+E18+E89 -> 0 | F17: =IFERROR(D17/C17,0) -> 0 | G17: =+G18+G89 -> 0 | H17: =+H18+H89 -> 0 | I17: =+I18+I89 -> 0 | J17: =IFERROR(H17/G17,0) -> 0 | K17: =+K18+K89 -> 0
B18: GASTOS DE INVERSIÓN EJECUTADOS DIRECTAMENTE POR LA ADMINISTRACIÓN | C18: =+C19+C31+C54 -> 0 | D18: =+D19+D31+D54 -> 0 | E18: =+E19+E31+E54 -> 0 | F18: =IFERROR(D18/C18,0) -> 0 | G18: =+G19+G31+G54 -> 0 | H18: =+H19+H31+H54 -> 0 | I18: =+I19+I31+I54 -> 0 | J18: =IFERROR(H18/G18,0) -> 0 | K18: =+K19+K31+K54 -> 0
B19: SERVICIOS PERSONALES | C19: =SUM(C20:C30) -> 0 | D19: =SUM(D20:D30) -> 0 | E19: =SUM(E20:E30) -> 0 | F19: =IFERROR(D19/C19,0) -> 0 | G19: =SUM(G20:G30) -> 0 | H19: =SUM(H20:H30) -> 0 | I19: =SUM(I20:I30) -> 0 | J19: =IFERROR(H19/G19,0) -> 0 | K19: =SUM(K20:K30) -> 0
B20: Sueldos | C20: 0 | D20: 0 | E20: =+C20-D20 -> 0 | F20: =IFERROR(D20/C20,0) -> 0 | G20: 0 | H20: 0 | I20: =+G20-H20 -> 0 | J20: =IFERROR(H20/G20,0) -> 0 | K20: =+D20+H20 -> 0
B21: Auxilio de Transporte | C21: 0 | D21: 0 | E21: =+C21-D21 -> 0 | F21: =IFERROR(D21/C21,0) -> 0 | G21: 0 | H21: 0 | I21: =+G21-H21 -> 0 | J21: =IFERROR(H21/G21,0) -> 0 | K21: =+D21+H21 -> 0
B22: Vacaciones | C22: 0 | D22: 0 | E22: =+C22-D22 -> 0 | F22: =IFERROR(D22/C22,0) -> 0 | G22: 0 | H22: 0 | I22: =+G22-H22 -> 0 | J22: =IFERROR(H22/G22,0) -> 0 | K22: =+D22+H22 -> 0
B23: Prima legal | C23: 0 | D23: 0 | E23: =+C23-D23 -> 0 | F23: =IFERROR(D23/C23,0) -> 0 | G23: 0 | H23: 0 | I23: =+G23-H23 -> 0 | J23: =IFERROR(H23/G23,0) -> 0 | K23: =+D23+H23 -> 0
B24: Cesantías | C24: 0 | D24: 0 | E24: =+C24-D24 -> 0 | F24: =IFERROR(D24/C24,0) -> 0 | G24: 0 | H24: 0 | I24: =+G24-H24 -> 0 | J24: =IFERROR(H24/G24,0) -> 0 | K24: =+D24+H24 -> 0
B25: Intereses de cesantías | C25: 0 | D25: 0 | E25: =+C25-D25 -> 0 | F25: =IFERROR(D25/C25,0) -> 0 | G25: 0 | H25: 0 | I25: =+G25-H25 -> 0 | J25: =IFERROR(H25/G25,0) -> 0 | K25: =+D25+H25 -> 0
B26: Seguros y/o fondos privados | C26: 0 | D26: 0 | E26: =+C26-D26 -> 0 | F26: =IFERROR(D26/C26,0) -> 0 | G26: 0 | H26: 0 | I26: =+G26-H26 -> 0 | J26: =IFERROR(H26/G26,0) -> 0 | K26: =+D26+H26 -> 0
B27: Caja de compensación | C27: 0 | D27: 0 | E27: =+C27-D27 -> 0 | F27: =IFERROR(D27/C27,0) -> 0 | G27: 0 | H27: 0 | I27: =+G27-H27 -> 0 | J27: =IFERROR(H27/G27,0) -> 0 | K27: =+D27+H27 -> 0
B28: Aportes ICBF | C28: 0 | D28: 0 | E28: =+C28-D28 -> 0 | F28: =IFERROR(D28/C28,0) -> 0 | G28: 0 | H28: 0 | I28: =+G28-H28 -> 0 | J28: =IFERROR(H28/G28,0) -> 0 | K28: =+D28+H28 -> 0
B29: Aportes SENA | C29: 0 | D29: 0 | E29: =+C29-D29 -> 0 | F29: =IFERROR(D29/C29,0) -> 0 | G29: 0 | H29: 0 | I29: =+G29-H29 -> 0 | J29: =IFERROR(H29/G29,0) -> 0 | K29: =+D29+H29 -> 0
B30: Indemnizaciones | C30: 0 | D30: 0 | E30: =+C30-D30 -> 0 | F30: =IFERROR(D30/C30,0) -> 0 | G30: 0 | H30: 0 | I30: =+G30-H30 -> 0 | J30: =IFERROR(H30/G30,0) -> 0 | K30: =+D30+H30 -> 0
B31: ADQUSICIÓN DE BIENES Y SERVICIOS (GASTOS GENERALES) | C31: =SUM(C32:C51) -> 0 | D31: =SUM(D32:D51) -> 0 | E31: =SUM(E32:E51) -> 0 | F31: =IFERROR(D31/C31,0) -> 0 | G31: =SUM(G32:G51) -> 0 | H31: =SUM(H32:H51) -> 0 | I31: =SUM(I32:I51) -> 0 | J31: =IFERROR(H31/G31,0) -> 0 | K31: =SUM(K32:K51) -> 0
B32: Honorarios | C32: 0 | D32: 0 | E32: =+C32-D32 -> 0 | F32: =IFERROR(D32/C32,0) -> 0 | G32: 0 | H32: 0 | I32: =+G32-H32 -> 0 | J32: =IFERROR(H32/G32,0) -> 0 | K32: =+D32+H32 -> 0
B33: Dotación y suministro a trabajadores | C33: 0 | D33: 0 | E33: =+C33-D33 -> 0 | F33: =IFERROR(D33/C33,0) -> 0 | G33: 0 | H33: 0 | I33: =+G33-H33 -> 0 | J33: =IFERROR(H33/G33,0) -> 0 | K33: =+D33+H33 -> 0
B34: Servicios de aseo, vigilancia y seguridad | C34: 0 | D34: 0 | E34: =+C34-D34 -> 0 | F34: =IFERROR(D34/C34,0) -> 0 | G34: 0 | H34: 0 | I34: =+G34-H34 -> 0 | J34: =IFERROR(H34/G34,0) -> 0 | K34: =+D34+H34 -> 0
B35: Materiales y suministros (insumos agrícolas y pecuarios) | C35: 0 | D35: 0 | E35: =+C35-D35 -> 0 | F35: =IFERROR(D35/C35,0) -> 0 | G35: 0 | H35: 0 | I35: =+G35-H35 -> 0 | J35: =IFERROR(H35/G35,0) -> 0 | K35: =+D35+H35 -> 0
B36: Mantenimiento | C36: 0 | D36: 0 | E36: =+C36-D36 -> 0 | F36: =IFERROR(D36/C36,0) -> 0 | G36: 0 | H36: 0 | I36: =+G36-H36 -> 0 | J36: =IFERROR(H36/G36,0) -> 0 | K36: =+D36+H36 -> 0
B37: Reparaciones | C37: 0 | D37: 0 | E37: =+C37-D37 -> 0 | F37: =IFERROR(D37/C37,0) -> 0 | G37: 0 | H37: 0 | I37: =+G37-H37 -> 0 | J37: =IFERROR(H37/G37,0) -> 0 | K37: =+D37+H37 -> 0
B38: Servicios públicos | C38: 0 | D38: 0 | E38: =+C38-D38 -> 0 | F38: =IFERROR(D38/C38,0) -> 0 | G38: 0 | H38: 0 | I38: =+G38-H38 -> 0 | J38: =IFERROR(H38/G38,0) -> 0 | K38: =+D38+H38 -> 0
B39: Arriendos | C39: 0 | D39: 0 | E39: =+C39-D39 -> 0 | F39: =IFERROR(D39/C39,0) -> 0 | G39: 0 | H39: 0 | I39: =+G39-H39 -> 0 | J39: =IFERROR(H39/G39,0) -> 0 | K39: =+D39+H39 -> 0
B40: Viáticos y Gastos de viaje | C40: 0 | D40: 0 | E40: =+C40-D40 -> 0 | F40: =IFERROR(D40/C40,0) -> 0 | G40: 0 | H40: 0 | I40: =+G40-H40 -> 0 | J40: =IFERROR(H40/G40,0) -> 0 | K40: =+D40+H40 -> 0
B41: Impresos, publicaciones, suscripciones y afiliaciones | C41: 0 | D41: 0 | E41: =+C41-D41 -> 0 | F41: =IFERROR(D41/C41,0) -> 0 | G41: 0 | H41: 0 | I41: =+G41-H41 -> 0 | J41: =IFERROR(H41/G41,0) -> 0 | K41: =+D41+H41 -> 0
B42: Fotocopias | C42: 0 | D42: 0 | E42: =+C42-D42 -> 0 | F42: =IFERROR(D42/C42,0) -> 0 | G42: 0 | H42: 0 | I42: =+G42-H42 -> 0 | J42: =IFERROR(H42/G42,0) -> 0 | K42: =+D42+H42 -> 0
B43: Comunicaciones y transporte - correo | C43: 0 | D43: 0 | E43: =+C43-D43 -> 0 | F43: =IFERROR(D43/C43,0) -> 0 | G43: 0 | H43: 0 | I43: =+G43-H43 -> 0 | J43: =IFERROR(H43/G43,0) -> 0 | K43: =+D43+H43 -> 0
... B53: Alquiler de maquinaria y equipo | C53: 0 | D53: 0 | E53: =+C53-D53 -> 0 | F53: =IFERROR(D53/C53,0) -> 0 | G53: 0 | H53: 0 | I53: =+G53-H53 -> 0 | J53: =IFERROR(H53/G53,0) -> 0 | K53: =+D53+H53 -> 0
B54: PROGRAMAS Y PROYECTOS | C54: =+C55+C73 -> 0 | D54: =+D55+D73 -> 0 | E54: =+E55+E73 -> 0 | F54: =IFERROR(D54/C54,0) -> 0 | G54: =+G55+G73 -> 0 | H54: =+H55+H73 -> 0 | I54: =+I55+I73 -> 0 | J54: =IFERROR(H54/G54,0) -> 0 | K54: =+K55+K73 -> 0
B55: Programa 1 - Investigación y transferencia de tecnología | C55: =+C56+C61+C66+C70 -> 0 | D55: =+D56+D61+D66+D70 -> 0 | E55: =+E56+E61+E66+E70 -> 0 | F55: =+F56+F61+F66+F70 -> 0 | G55: =+G56+G61+G66+G70 -> 0 | H55: =+H56+H61+H66+H70 -> 0 | I55: =+I56+I61+I66+I70 -> 0 | J55: =+J56+J61+J66+J70 -> 0 | K55: =+K56+K61+K66+K70 -> 0
B56: Proyecto No 1 - ITPA | C56: =+SUM(C57:C60) -> 0 | D56: =+SUM(D57:D60) -> 0 | E56: =+SUM(E57:E60) -> 0 | F56: =IFERROR(D56/C56,0) -> 0 | G56: =+SUM(G57:G60) -> 0 | H56: =+SUM(H57:H60) -> 0 | I56: =+SUM(I57:I60) -> 0 | J56: =IFERROR(H56/G56,0) -> 0 | K56: =+SUM(K57:K60) -> 0
B57: Insumos agrícolas | C57: 0 | D57: 0 | E57: =+C57-D57 -> 0 | F57: =IFERROR(D57/C57,0) -> 0 | G57: 0 | H57: 0 | I57: =+G57-H57 -> 0 | J57: =IFERROR(H57/G57,0) -> 0 | K57: =+D57+H57 -> 0
B58: Análisis de suelo | C58: 0 | D58: 0 | E58: =+C58-D58 -> 0 | F58: =IFERROR(D58/C58,0) -> 0 | G58: 0 | H58: 0 | I58: =+G58-H58 -> 0 | J58: =IFERROR(H58/G58,0) -> 0 | K58: =+D58+H58 -> 0
B59: Trampas Tecia solanivora (feromonas e implementos) | C59: 0 | D59: 0 | E59: =+C59-D59 -> 0 | F59: =IFERROR(D59/C59,0) -> 0 | G59: 0 | H59: 0 | I59: =+G59-H59 -> 0 | J59: =IFERROR(H59/G59,0) -> 0 | K59: =+D59+H59 -> 0
B60: Estudio para el análisis de la vulnerabilidad por riesgo climatico en el cultivo de papa en Colombia. | C60: 0 | D60: 0 | E60: =+C60-D60 -> 0 | F60: =IFERROR(D60/C60,0) -> 0 | G60: 0 | H60: 0 | I60: =+G60-H60 -> 0 | J60: =IFERROR(H60/G60,0) -> 0 | K60: =+D60+H60 -> 0
B61: Proyecto No 2 - Mejoramiento Genético | C61: =+SUM(C62:C65) -> 0 | D61: =+SUM(D62:D65) -> 0 | E61: =+SUM(E62:E65) -> 0 | F61: =IFERROR(D61/C61,0) -> 0 | G61: =+SUM(G62:G65) -> 0 | H61: =+SUM(H62:H65) -> 0 | I61: =+SUM(I62:I65) -> 0 | J61: =IFERROR(H61/G61,0) -> 0 | K61: =+SUM(K62:K65) -> 0
B62: Insumos de laboratorio y campo de investigación para patógenos de suelo. | C62: 0 | D62: 0 | E62: =+C62-D62 -> 0 | F62: =IFERROR(D62/C62,0) -> 0 | G62: 0 | H62: 0 | I62: =+G62-H62 -> 0 | J62: =IFERROR(H62/G62,0) -> 0 | K62: =+D62+H62 -> 0
B63: Insumos agrícolas lotes de pruebas | C63: 0 | D63: 0 | E63: =+C63-D63 -> 0 | F63: =IFERROR(D63/C63,0) -> 0 | G63: 0 | H63: 0 | I63: =+G63-H63 -> 0 | J63: =IFERROR(H63/G63,0) -> 0 | K63: =+D63+H63 -> 0
B64: Análisis foliares | C64: 0 | D64: 0 | E64: =+C64-D64 -> 0 | F64: =IFERROR(D64/C64,0) -> 0 | G64: 0 | H64: 0 | I64: =+G64-H64 -> 0 | J64: =IFERROR(H64/G64,0) -> 0 | K64: =+D64+H64 -> 0
B65: Análisis de suelo | C65: 0 | D65: 0 | E65: =+C65-D65 -> 0 | F65: =IFERROR(D65/C65,0) -> 0 | G65: 0 | H65: 0 | I65: =+G65-H65 -> 0 | J65: =IFERROR(H65/G65,0) -> 0 | K65: =+D65+H65 -> 0
B66: Proyecto No 3 - Semilla Certificada Fase I | C66: =+SUM(C67:C69) -> 0 | D66: =+SUM(D67:D69) -> 0 | E66: =+SUM(E67:E69) -> 0 | F66: =IFERROR(D66/C66,0) -> 0 | G66: =+SUM(G67:G69) -> 0 | H66: =+SUM(H67:H69) -> 0 | I66: =+SUM(I67:I69) -> 0 | J66: =IFERROR(H66/G66,0) -> 0 | K66: =+SUM(K67:K69) -> 0
B67: Analisis de virus y patogenos normatividad ICA | C67: 0 | D67: 0 | E67: =+C67-D67 -> 0 | F67: =IFERROR(D67/C67,0) -> 0 | G67: 0 | H67: 0 | I67: =+G67-H67 -> 0 | J67: =IFERROR(H67/G67,0) -> 0 | K67: =+D67+H67 -> 0
B68: Registro de lotes Super Élite | C68: 0 | D68: 0 | E68: =+C68-D68 -> 0 | F68: =IFERROR(D68/C68,0) -> 0 | G68: 0 | H68: 0 | I68: =+G68-H68 -> 0 | J68: =IFERROR(H68/G68,0) -> 0 | K68: =+D68+H68 -> 0
B69: Programa de transferencia de tecnología a través de la ampliación de oferta de tubérculo semilla - categoría certificada | C69: 0 | D69: 0 | E69: =+C69-D69 -> 0 | F69: =IFERROR(D69/C69,0) -> 0 | G69: 0 | H69: 0 | I69: =+G69-H69 -> 0 | J69: =IFERROR(H69/G69,0) -> 0 | K69: =+D69+H69 -> 0
B70: Proyecto No 4 - Centro de desarrollo tecnológico | C70: =+SUM(C71:C72) -> 0 | D70: =+SUM(D71:D72) -> 0 | E70: =+SUM(E71:E72) -> 0 | F70: =IFERROR(D70/C70,0) -> 0 | G70: =+SUM(G71:G72) -> 0 | H70: =+SUM(H71:H72) -> 0 | I70: =+SUM(I71:I72) -> 0 | J70: =IFERROR(H70/G70,0) -> 0 | K70: =+SUM(K71:K72) -> 0
B71: Desarrollo aplicativo movil y web | C71: 0 | D71: 0 | E71: =+C71-D71 -> 0 | F71: =IFERROR(D71/C71,0) -> 0 | G71: 0 | H71: 0 | I71: =+G71-H71 -> 0 | J71: =IFERROR(H71/G71,0) -> 0 | K71: =+D71+H71 -> 0
B72: Certificados de industria | C72: 0 | D72: 0 | E72: =+C72-D72 -> 0 | F72: =IFERROR(D72/C72,0) -> 0 | G72: 0 | H72: 0 | I72: =+G72-H72 -> 0 | J72: =IFERROR(H72/G72,0) -> 0 | K72: =+D72+H72 -> 0
B73: Programa 2 - Comercialización | C73: =+C74+C80+C87 -> 0 | D73: =+D74+D80+D87 -> 0 | E73: =+E74+E80+E87 -> 0 | F73: =IFERROR(D73/C73,0) -> 0 | G73: =+G74+G80+G87 -> 0 | H73: =+H74+H80+H87 -> 0 | I73: =+I74+I80+I87 -> 0 | J73: =IFERROR(H73/G73,0) -> 0 | K73: =+K74+K80+K87 -> 0
B74: Proyecto No 1 - Estrategias de promocion al consumo de papa y divulgacion multiplataforma del FNFP | C74: =+SUM(C75:C79) -> 0 | D74: =+SUM(D75:D79) -> 0 | E74: =+SUM(E75:E79) -> 0 | F74: =IFERROR(D74/C74,0) -> 0 | G74: =+SUM(G75:G79) -> 0 | H74: =+SUM(H75:H79) -> 0 | I74: =+SUM(I75:I79) -> 0 | J74: =IFERROR(H74/G74,0) -> 0 | K74: =+SUM(K75:K79) -> 0
B75: ATL | C75: 0 | D75: 0 | E75: =+C75-D75 -> 0 | F75: =IFERROR(D75/C75,0) -> 0 | G75: 0 | H75: 0 | I75: =+G75-H75 -> 0 | J75: =IFERROR(H75/G75,0) -> 0 | K75: =+D75+H75 -> 0
B76: BTL | C76: 0 | D76: 0 | E76: =+C76-D76 -> 0 | F76: =IFERROR(D76/C76,0) -> 0 | G76: 0 | H76: 0 | I76: =+G76-H76 -> 0 | J76: =IFERROR(H76/G76,0) -> 0 | K76: =+D76+H76 -> 0
B77: Digital | C77: 0 | D77: 0 | E77: =+C77-D77 -> 0 | F77: =IFERROR(D77/C77,0) -> 0 | G77: 0 | H77: 0 | I77: =+G77-H77 -> 0 | J77: =IFERROR(H77/G77,0) -> 0 | K77: =+D77+H77 -> 0
B78: Estudio de percepción de la categoría | C78: 0 | D78: 0 | E78: =+C78-D78 -> 0 | F78: =IFERROR(D78/C78,0) -> 0 | G78: 0 | H78: 0 | I78: =+G78-H78 -> 0 | J78: =IFERROR(H78/G78,0) -> 0 | K78: =+D78+H78 -> 0
B79: Apoyo a la comercialización | C79: 0 | D79: 0 | E79: =+C79-D79 -> 0 | F79: =IFERROR(D79/C79,0) -> 0 | G79: 0 | H79: 0 | I79: =+G79-H79 -> 0 | J79: =IFERROR(H79/G79,0) -> 0 | K79: =+D79+H79 -> 0
B80: Proyecto No 2 - Desarrollo empresarial y asociativo en pequeños y medianos productores de papa | C80: =SUM(C81:C82) -> 0 | D80: =SUM(D81:D82) -> 0 | E80: =SUM(E81:E82) -> 0 | F80: =SUM(F81:F82) -> 0 | G80: =SUM(G81:G82) -> 0 | H80: =SUM(H81:H82) -> 0 | I80: =SUM(I81:I82) -> 0 | J80: =SUM(J81:J82) -> 0 | K80: =SUM(K81:K82) -> 0
B81: Estudio de prefactibilidad | C81: 0 | D81: 0 | E81: =+C81-D81 -> 0 | F81: =IFERROR(D81/C81,0) -> 0 | G81: 0 | H81: 0 | I81: =+G81-H81 -> 0 | J81: =IFERROR(H81/G81,0) -> 0 | K81: =+D81+H81 -> 0
B82: Análisis y caracterización de producto | C82: 0 | D82: 0 | E82: =+C82-D82 -> 0 | F82: =IFERROR(D82/C82,0) -> 0 | G82: 0 | H82: 0 | I82: =+G82-H82 -> 0 | J82: =IFERROR(H82/G82,0) -> 0 | K82: =+D82+H82 -> 0
B83: Programa 3 - Estudios económicos | C83: =+C84+C87 -> 0 | D83: =+D84+D87 -> 0 | E83: =+E84+E87 -> 0 | F83: =+F84+F87 -> 0 | G83: =+G84+G87 -> 0 | H83: =+H84+H87 -> 0 | I83: =+I84+I87 -> 0 | J83: =+J84+J87 -> 0 | K83: =+K84+K87 -> 0
B84: Proyecto No. 1 - Sistemas de informacion estadistica y estudios economicos de la cadena agroalimentaria de la papa | C84: =+SUM(C85:C86) -> 0 | D84: =+SUM(D85:D86) -> 0 | E84: =+SUM(E85:E86) -> 0 | F84: =IFERROR(D84/C84,0) -> 0 | G84: =+SUM(G85:G86) -> 0 | H84: =+SUM(H85:H86) -> 0 | I84: =+SUM(I85:I86) -> 0 | J84: =IFERROR(H84/G84,0) -> 0 | K84: =+SUM(K85:K86) -> 0
B85: Investigación de consumo per cápita de papa en Colombia | C85: 0 | D85: 0 | E85: =+C85-D85 -> 0 | F85: =IFERROR(D85/C85,0) -> 0 | G85: 0 | H85: 0 | I85: =+G85-H85 -> 0 | J85: =IFERROR(H85/G85,0) -> 0 | K85: =+D85+H85 -> 0
B86: Estudios e investigaciones Económicas | C86: 0 | D86: 0 | E86: =+C86-D86 -> 0 | F86: =IFERROR(D86/C86,0) -> 0 | G86: 0 | H86: 0 | I86: =+G86-H86 -> 0 | J86: =IFERROR(H86/G86,0) -> 0 | K86: =+D86+H86 -> 0
B87: Proyecto No 2 - Mecanismos de defensa de la produccion nacional y competencia leal en papa | C87: =+C88 -> 0 | D87: =+D88 -> 0 | E87: =+E88 -> 0 | F87: =IFERROR(D87/C87,0) -> 0 | G87: =+G88 -> 0 | H87: =+H88 -> 0 | I87: =+I88 -> 0 | J87: =IFERROR(H87/G87,0) -> 0 | K87: =+K88 -> 0
B88: Estudios de precios | C88: 0 | D88: 0 | E88: =+C88-D88 -> 0 | F88: =IFERROR(D88/C88,0) -> 0 | G88: 0 | H88: 0 | I88: =+G88-H88 -> 0 | J88: =IFERROR(H88/G88,0) -> 0 | K88: =+D88+H88 -> 0
B89: COMPENSACIONES DE ESTABILIZACIÓN (%) | C89: =+C90 -> 0 | D89: =+D90 -> 0 | E89: =+E90 -> 0 | F89: =IFERROR(D89/C89,0) -> 0 | G89: =+G90 -> 0 | H89: =+H90 -> 0 | I89: =+I90 -> 0 | J89: =IFERROR(H89/G89,0) -> 0 | K89: =+K90 -> 0
B90: Compensaciones de Estabilización | C90: 0 | D90: 0 | E90: =+C90-D90 -> 0 | F90: =IFERROR(D90/C90,0) -> 0 | G90: 0 | H90: 0 | I90: =+G90-H90 -> 0 | J90: =IFERROR(H90/G90,0) -> 0 | K90: =+D90+H90 -> 0
B91: TOTAL GASTOS DE INVERSIÓN | C91: =C17 -> 0 | D91: =D17 -> 0 | E91: =E17 -> 0 | F91: =IFERROR(D91/C91,0) -> 0 | G91: =G17 -> 0 | H91: =H17 -> 0 | I91: =I17 -> 0 | J91: =IFERROR(H91/G91,0) -> 0 | K91: =K17 -> 0

Sheet Anexo No. 11 Regionaliz Proy
B3: MINISTERIO DE AGRICULTURA Y DESARROLLO RURAL FORMATO EJECUCIÓN DE LOS GASTOS DE INVERSIÓN POR REGIÓN Y PROGRAMA DE LOS FONDOS DE FOMENTO AGRICOLAS, FORESTALES, PECUARIOS Y PESQUEROS, Y FONDOS DE ESTABILIZACIÓN DE PRECIOS
B7: DIRECCIÓN DE CADENAS AGRÍCOLAS Y FORESTALES - DIRECCIÓN DE CADENAS PECUARIAS, PESQUERAS Y ACUÍCOLAS | L7: Fecha: XXXX-XX-XX
B9: FONDO: | C9: FONDO NACIONAL DE FOMENTO DE LA PAPA - FNFP
B10: AÑO PROYECTADO | C10: =#REF! -> #REF!
B11: FECHA DE ELABORACIÓN | C11: =+'Anexo No. 10 Detalle x proy'!C10 -> #REF!
B13: ANEXO No. 11
B14: Cifras Expresadas en Pesos Colombianos
B15: DEPARTAMENTO (CRITERO Y CARACTERISTICAS DE CADA SISTEMA PRODUCTIVO Y CADA FONDO PARAFISCAL) | C15: INVERSIÓN | L15: TOTAL PRESUPUESTO DE INVERSIÓN
C16: PROGRAMA | D16: PROGRAMA | E16: PROGRAMA | F16: PROGRAMA | G16: PROGRAMA | H16: PROGRAMA | I16: PROGRAMA | J16: PROGRAMA | K16: PROGRAMA
C17: No. 1 | D17: No. 2 | E17: No. 3 | F17: No. 4 | G17: No. 5 | H17: No. 6 | I17: No. 7 | J17: No. 8 | K17: No. 9
B19: REGION XXXXXX | L19: =SUM(L20:L26) -> 0
B20: DEPARTAMENTO | L20: =+C20+D20+E20+F20+G20+H20+I20+J20+K20 -> 0
B21: Municipio 1
B22: Municipio n | L22: =+C22+D22+E22+F22+G22+H22+I22+J22+K22 -> 0
B23: DEPARTAMENTO | L23: =+C23+D23+E23+F23+G23+H23+I23+J23+K23 -> 0
B24: Municipio 1 | L24: =+C24+D24+E24+F24+G24+H24+I24+J24+K24 -> 0
B25: Municipio n | L25: =+C25+D25+E25+F25+G25+H25+I25+J25+K25 -> 0
B26: DEPARTAMENTO | L26: =+C26+D26+E26+F26+G26+H26+I26+J26+K26 -> 0
B27: Municipio 1
B28: Municipio n
B29: REGION XXXXXX | L29: =SUM(L30:L36) -> 0
B30: DEPARTAMENTO | L30: =+C30+D30+E30+F30+G30+H30+I30+J30+K30 -> 0
B31: Municipio 1 | L31: =+C31+D31+E31+F31+G31+H31+I31+J31+K31 -> 0
B32: Municipio n | L32: =+C32+D32+E32+F32+G32+H32+I32+J32+K32 -> 0
B33: DEPARTAMENTO | L33: =+C33+D33+E33+F33+G33+H33+I33+J33+K33 -> 0
B34: Municipio 1 | L34: =+C34+D34+E34+F34+G34+H34+I34+J34+K34 -> 0
B35: Municipio n | L35: =+C35+D35+E35+F35+G35+H35+I35+J35+K35 -> 0
B36: DEPARTAMENTO | L36: =+C36+D36+E36+F36+G36+H36+I36+J36+K36 -> 0
B37: Municipio 1
B38: Municipio n
B40: REGION XXXXXX | L40: =SUM(L41:L46) -> 0
B41: DEPARTAMENTO | L41: =+C41+D41+E41+F41+G41+H41+I41+J41+K41 -> 0
B42: Municipio 1 | L42: =+C42+D42+E42+F42+G42+H42+I42+J42+K42 -> 0
B43: Municipio n | L43: =+C43+D43+E43+F43+G43+H43+I43+J43+K43 -> 0
B44: DEPARTAMENTO | L44: =+C44+D44+E44+F44+G44+H44+I44+J44+K44 -> 0
B45: Municipio 1 | L45: =+C45+D45+E45+F45+G45+H45+I45+J45+K45 -> 0
B46: Municipio n | L46: =+C46+D46+E46+F46+G46+H46+I46+J46+K46 -> 0
B47: DEPARTAMENTO
B48: Municipio 1
B49: Municipio n
B51: REGION XXXXXX | L51: =SUM(L52:L54) -> 0
B52: DEPARTAMENTO | L52: =+C52+D52+E52+F52+G52+H52+I52+J52+K52 -> 0
B53: Municipio 1 | L53: =+C53+D53+E53+F53+G53+H53+I53+J53+K53 -> 0
B54: Municipio n | L54: =+C54+D54+E54+F54+G54+H54+I54+J54+K54 -> 0
B55: DEPARTAMENTO
B56: Municipio 1 | L56: =SUM(L57:L59) -> 0
B57: Municipio n | L57: =+C57+D57+E57+F57+G57+H57+I57+J57+K57 -> 0
B58: DEPARTAMENTO | L58: =+C58+D58+E58+F58+G58+H58+I58+J58+K58 -> 0
B59: Municipio 1 | L59: =+C59+D59+E59+F59+G59+H59+I59+J59+K59 -> 0
B60: Municipio n
B62: PROYECTOS COBERTURA NACIONAL | L62: =+C62+D62+E62+F62+G62+H62+I62+J62+K62 -> 0
B64: TOTAL

Sheet Anexo No. 12 Ejecucion por Proy
B1: MINISTERIO DE AGRICULTURA Y DESARROLLO RURAL FORMATO EJECUCIÓN PRESUPUESTAL ACUMULADA GASTOS DE INVERSIÓN POR PROYECTO Y PROGRAMA DE LOS FONDOS DE FOMENTO AGRICOLAS, FORESTALES, PECUARIOS Y PESQUEROS, Y FONDOS DE ESTABILIZACIÓN DE PRECIOS
B5: DIRECCIÓN DE CADENAS AGRÍCOLAS Y FORESTALES - DIRECCIÓN DE CADENAS PECUARIAS, PESQUERAS Y ACUÍCOLAS | N5: Fecha: XXXX-XX-XX
B7: FONDO: | C7: FONDO NACIONAL DE FOMENTO DE LA PAPA - FNFP
B8: AÑO PROYECTADO | C8: =#REF! -> #REF!
B9: FECHA DE ELABORACIÓN | C9: =+'Anexo No. 11 Regionaliz Proy'!C11 -> #REF!
B11: ANEXO No. 12
B12: Cifras Expresadas en Pesos Colombianos
B14: CUENTAS | C14: TOTAL PRESUPUESTO APROBADO AJUSTADO ANUAL | D14: INVERSIÓN | L14: TOTAL INVERSIÓN
D15: PROGRAMA No. 1 INVESTIGACION Y TRANSFERENCIA DE TECNOLOGIA | H15: PROGRAMA No. 2 ESTUDIOS ECONOMICOS
D16: CONSOLIDADO DE LOS GASTOS DE PERSONAL DEL PROGRAMA
D17: APROP | E17: EJEC | F17: SALDO | G17: % EJEC | H17: APROP | I17: EJEC | J17: SALDO | K17: % EJEC | L17: APROP | M17: EJEC | N17: SALDO | O17: % EJEC
B18: GASTOS DE INVERSIÓN | C18: =+C19+C90 -> #REF! | D18: =+D19+D90 -> 0 | E18: =+E19+E90 -> 0 | F18: =+F19+F90 -> 0 | G18: =+G19+G90 -> 0 | H18: =+H19+H90 -> 0 | I18: =+I19+I90 -> 0 | J18: =+J19+J90 -> 0 | ... O18: =+O19+O90 -> 0
B19: GASTOS DE INVERSIÓN EJECUTADOS DIRECTAMENTE POR LA ADMINISTRACIÓN | C19: =+C20+C32+C55 -> #REF! | D19: =+D20+D32+D55 -> 0 | E19: =+E20+E32+E55 -> 0 | F19: =+F20+F32+F55 -> 0 | G19: =+G20+G32+G55 -> 0 | H19: =+H20+H32+H55 -> 0 | I19: =+I20+I32+I55 -> 0 | J19: =+J20+J32+J55 -> 0 | ... O19: =+O20+O32+O55 -> 0
B20: SERVICIOS PERSONALES | C20: =SUM(C21:C31) -> 0 | D20: =SUM(D21:D31) -> 0 | E20: =SUM(E21:E31) -> 0 | F20: =SUM(F21:F31) -> 0 | G20: =SUM(G21:G31) -> 0 | H20: =SUM(H21:H31) -> 0 | I20: =SUM(I21:I31) -> 0 | J20: =SUM(J21:J31) -> 0 | ... O20: =SUM(O21:O31) -> 0
B21: Sueldos | C21: =IFERROR(_xlfn.XLOOKUP(B21,#REF!,#REF!),0) -> 0 | D21: 0 | E21: 0 | F21: =+D21-E21 -> 0 | G21: =IFERROR(E21/D21,0) -> 0 | H21: 0 | I21: 0 | J21: =+H21-I21 -> 0 | K21: =IFERROR(I21/H21,0) -> 0 | L21: =+D21+H21 -> 0 | M21: =+E21+I21 -> 0 | N21: =+L21-M21 -> 0 | O21: =IFERROR(M21/L21,0) -> 0
B22: Auxilio de Transporte | C22: =IFERROR(_xlfn.XLOOKUP(B22,#REF!,#REF!),0) -> 0 | D22: 0 | E22: 0 | F22: =+D22-E22 -> 0 | G22: =IFERROR(E22/D22,0) -> 0 | H22: 0 | I22: 0 | J22: =+H22-I22 -> 0 | K22: =IFERROR(I22/H22,0) -> 0 | L22: =+D22+H22 -> 0 | M22: =+E22+I22 -> 0 | N22: =+L22-M22 -> 0 | O22: =IFERROR(M22/L22,0) -> 0
B23: Vacaciones | C23: =IFERROR(_xlfn.XLOOKUP(B23,#REF!,#REF!),0) -> 0 | D23: 0 | E23: 0 | F23: =+D23-E23 -> 0 | G23: =IFERROR(E23/D23,0) -> 0 | H23: 0 | I23: 0 | J23: =+H23-I23 -> 0 | K23: =IFERROR(I23/H23,0) -> 0 | L23: =+D23+H23 -> 0 | M23: =+E23+I23 -> 0 | N23: =+L23-M23 -> 0 | O23: =IFERROR(M23/L23,0) -> 0
B24: Prima legal | C24: =IFERROR(_xlfn.XLOOKUP(B24,#REF!,#REF!),0) -> 0 | D24: 0 | E24: 0 | F24: =+D24-E24 -> 0 | G24: =IFERROR(E24/D24,0) -> 0 | H24: 0 | I24: 0 | J24: =+H24-I24 -> 0 | K24: =IFERROR(I24/H24,0) -> 0 | L24: =+D24+H24 -> 0 | M24: =+E24+I24 -> 0 | N24: =+L24-M24 -> 0 | O24: =IFERROR(M24/L24,0) -> 0
B25: Cesantías | C25: =IFERROR(_xlfn.XLOOKUP(B25,#REF!,#REF!),0) -> 0 | D25: 0 | E25: 0 | F25: =+D25-E25 -> 0 | G25: =IFERROR(E25/D25,0) -> 0 | H25: 0 | I25: 0 | J25: =+H25-I25 -> 0 | K25: =IFERROR(I25/H25,0) -> 0 | L25: =+D25+H25 -> 0 | M25: =+E25+I25 -> 0 | N25: =+L25-M25 -> 0 | O25: =IFERROR(M25/L25,0) -> 0
B26: Intereses de cesantías | C26: =IFERROR(_xlfn.XLOOKUP(B26,#REF!,#REF!),0) -> 0 | D26: 0 | E26: 0 | F26: =+D26-E26 -> 0 | G26: =IFERROR(E26/D26,0) -> 0 | H26: 0 | I26: 0 | J26: =+H26-I26 -> 0 | K26: =IFERROR(I26/H26,0) -> 0 | L26: =+D26+H26 -> 0 | M26: =+E26+I26 -> 0 | N26: =+L26-M26 -> 0 | O26: =IFERROR(M26/L26,0) -> 0
B27: Seguros y/o fondos privados | C27: =IFERROR(_xlfn.XLOOKUP(B27,#REF!,#REF!),0) -> 0 | D27: 0 | E27: 0 | F27: =+D27-E27 -> 0 | G27: =IFERROR(E27/D27,0) -> 0 | H27: 0 | I27: 0 | J27: =+H27-I27 -> 0 | K27: =IFERROR(I27/H27,0) -> 0 | L27: =+D27+H27 -> 0 | M27: =+E27+I27 -> 0 | N27: =+L27-M27 -> 0 | O27: =IFERROR(M27/L27,0) -> 0
B28: Caja de compensación | C28: =IFERROR(_xlfn.XLOOKUP(B28,#REF!,#REF!),0) -> 0 | D28: 0 | E28: 0 | F28: =+D28-E28 -> 0 | G28: =IFERROR(E28/D28,0) -> 0 | H28: 0 | I28: 0 | J28: =+H28-I28 -> 0 | K28: =IFERROR(I28/H28,0) -> 0 | L28: =+D28+H28 -> 0 | M28: =+E28+I28 -> 0 | N28: =+L28-M28 -> 0 | O28: =IFERROR(M28/L28,0) -> 0
B29: Aportes ICBF | C29: =IFERROR(_xlfn.XLOOKUP(B29,#REF!,#REF!),0) -> 0 | D29: 0 | E29: 0 | F29: =+D29-E29 -> 0 | G29: =IFERROR(E29/D29,0) -> 0 | H29: 0 | I29: 0 | J29: =+H29-I29 -> 0 | K29: =IFERROR(I29/H29,0) -> 0 | L29: =+D29+H29 -> 0 | M29: =+E29+I29 -> 0 | N29: =+L29-M29 -> 0 | O29: =IFERROR(M29/L29,0) -> 0
B30: Aportes SENA | C30: =IFERROR(_xlfn.XLOOKUP(B30,#REF!,#REF!),0) -> 0 | D30: 0 | E30: 0 | F30: =+D30-E30 -> 0 | G30: =IFERROR(E30/D30,0) -> 0 | H30: 0 | I30: 0 | J30: =+H30-I30 -> 0 | K30: =IFERROR(I30/H30,0) -> 0 | L30: =+D30+H30 -> 0 | M30: =+E30+I30 -> 0 | N30: =+L30-M30 -> 0 | O30: =IFERROR(M30/L30,0) -> 0
B31: Indemnizaciones | C31: =IFERROR(_xlfn.XLOOKUP(B31,#REF!,#REF!),0) -> 0 | D31: 0 | E31: 0 | F31: =+D31-E31 -> 0 | G31: =IFERROR(E31/D31,0) -> 0 | H31: 0 | I31: 0 | J31: =+H31-I31 -> 0 | K31: =IFERROR(I31/H31,0) -> 0 | L31: =+D31+H31 -> 0 | M31: =+E31+I31 -> 0 | N31: =+L31-M31 -> 0 | O31: =IFERROR(M31/L31,0) -> 0
B32: ADQUSICIÓN DE BIENES Y SERVICIOS (GASTOS GENERALES) | C32: =SUM(C33:C54) -> 0 | D32: =SUM(D33:D54) -> 0 | E32: =SUM(E33:E54) -> 0 | F32: =SUM(F33:F54) -> 0 | G32: =SUM(G33:G54) -> 0 | H32: =SUM(H33:H54) -> 0 | I32: =SUM(I33:I54) -> 0 | J32: =SUM(J33:J54) -> 0 | ... O32: =SUM(O33:O54) -> 0
B33: Honorarios | C33: =IFERROR(_xlfn.XLOOKUP(B33,#REF!,#REF!),0) -> 0 | D33: 0 | E33: 0 | F33: =+D33-E33 -> 0 | G33: =IFERROR(E33/D33,0) -> 0 | H33: 0 | I33: 0 | J33: =+H33-I33 -> 0 | K33: =IFERROR(I33/H33,0) -> 0 | L33: =+D33+H33 -> 0 | M33: =+E33+I33 -> 0 | N33: =+L33-M33 -> 0 | O33: =IFERROR(M33/L33,0) -> 0
B34: Dotación y suministro a trabajadores | C34: =IFERROR(_xlfn.XLOOKUP(B34,#REF!,#REF!),0) -> 0 | D34: 0 | E34: 0 | F34: =+D34-E34 -> 0 | G34: =IFERROR(E34/D34,0) -> 0 | H34: 0 | I34: 0 | J34: =+H34-I34 -> 0 | K34: =IFERROR(I34/H34,0) -> 0 | L34: =+D34+H34 -> 0 | M34: =+E34+I34 -> 0 | N34: =+L34-M34 -> 0 | O34: =IFERROR(M34/L34,0) -> 0
B35: Servicios de aseo, vigilancia y seguridad | C35: =IFERROR(_xlfn.XLOOKUP(B35,#REF!,#REF!),0) -> 0 | D35: 0 | E35: 0 | F35: =+D35-E35 -> 0 | G35: =IFERROR(E35/D35,0) -> 0 | H35: 0 | I35: 0 | J35: =+H35-I35 -> 0 | K35: =IFERROR(I35/H35,0) -> 0 | L35: =+D35+H35 -> 0 | M35: =+E35+I35 -> 0 | N35: =+L35-M35 -> 0 | O35: =IFERROR(M35/L35,0) -> 0
B36: Materiales y suministros (insumos agrícolas y pecuarios) | C36: =IFERROR(_xlfn.XLOOKUP(B36,#REF!,#REF!),0) -> 0 | D36: 0 | E36: 0 | F36: =+D36-E36 -> 0 | G36: =IFERROR(E36/D36,0) -> 0 | H36: 0 | I36: 0 | J36: =+H36-I36 -> 0 | K36: =IFERROR(I36/H36,0) -> 0 | L36: =+D36+H36 -> 0 | M36: =+E36+I36 -> 0 | N36: =+L36-M36 -> 0 | O36: =IFERROR(M36/L36,0) -> 0
B37: Mantenimiento | C37: =IFERROR(_xlfn.XLOOKUP(B37,#REF!,#REF!),0) -> 0 | D37: 0 | E37: 0 | F37: =+D37-E37 -> 0 | G37: =IFERROR(E37/D37,0) -> 0 | H37: 0 | I37: 0 | J37: =+H37-I37 -> 0 | K37: =IFERROR(I37/H37,0) -> 0 | L37: =+D37+H37 -> 0 | M37: =+E37+I37 -> 0 | N37: =+L37-M37 -> 0 | O37: =IFERROR(M37/L37,0) -> 0
B38: Reparaciones | C38: =IFERROR(_xlfn.XLOOKUP(B38,#REF!,#REF!),0) -> 0 | D38: 0 | E38: 0 | F38: =+D38-E38 -> 0 | G38: =IFERROR(E38/D38,0) -> 0 | H38: 0 | I38: 0 | J38: =+H38-I38 -> 0 | K38: =IFERROR(I38/H38,0) -> 0 | L38: =+D38+H38 -> 0 | M38: =+E38+I38 -> 0 | N38: =+L38-M38 -> 0 | O38: =IFERROR(M38/L38,0) -> 0
B39: Servicios públicos | C39: =IFERROR(_xlfn.XLOOKUP(B39,#REF!,#REF!),0) -> 0 | D39: 0 | E39: 0 | F39: =+D39-E39 -> 0 | G39: =IFERROR(E39/D39,0) -> 0 | H39: 0 | I39: 0 | J39: =+H39-I39 -> 0 | K39: =IFERROR(I39/H39,0) -> 0 | L39: =+D39+H39 -> 0 | M39: =+E39+I39 -> 0 | N39: =+L39-M39 -> 0 | O39: =IFERROR(M39/L39,0) -> 0
B40: Arriendos | C40: =IFERROR(_xlfn.XLOOKUP(B40,#REF!,#REF!),0) -> 0 | D40: 0 | E40: 0 | F40: =+D40-E40 -> 0 | G40: =IFERROR(E40/D40,0) -> 0 | H40: 0 | I40: 0 | J40: =+H40-I40 -> 0 | K40: =IFERROR(I40/H40,0) -> 0 | L40: =+D40+H40 -> 0 | M40: =+E40+I40 -> 0 | N40: =+L40-M40 -> 0 | O40: =IFERROR(M40/L40,0) -> 0
B41: Viáticos y Gastos de viaje | C41: =IFERROR(_xlfn.XLOOKUP(B41,#REF!,#REF!),0) -> 0 | D41: 0 | E41: 0 | F41: =+D41-E41 -> 0 | G41: =IFERROR(E41/D41,0) -> 0 | H41: 0 | I41: 0 | J41: =+H41-I41 -> 0 | K41: =IFERROR(I41/H41,0) -> 0 | L41: =+D41+H41 -> 0 | M41: =+E41+I41 -> 0 | N41: =+L41-M41 -> 0 | O41: =IFERROR(M41/L41,0) -> 0
B42: Impresos, publicaciones, suscripciones y afiliaciones | C42: =IFERROR(_xlfn.XLOOKUP(B42,#REF!,#REF!),0) -> 0 | D42: 0 | E42: 0 | F42: =+D42-E42 -> 0 | G42: =IFERROR(E42/D42,0) -> 0 | H42: 0 | I42: 0 | J42: =+H42-I42 -> 0 | K42: =IFERROR(I42/H42,0) -> 0 | L42: =+D42+H42 -> 0 | M42: =+E42+I42 -> 0 | N42: =+L42-M42 -> 0 | O42: =IFERROR(M42/L42,0) -> 0
B43: Fotocopias | C43: =IFERROR(_xlfn.XLOOKUP(B43,#REF!,#REF!),0) -> 0 | D43: 0 | E43: 0 | F43: =+D43-E43 -> 0 | G43: =IFERROR(E43/D43,0) -> 0 | H43: 0 | I43: 0 | J43: =+H43-I43 -> 0 | K43: =IFERROR(I43/H43,0) -> 0 | L43: =+D43+H43 -> 0 | M43: =+E43+I43 -> 0 | N43: =+L43-M43 -> 0 | O43: =IFERROR(M43/L43,0) -> 0
B44: Comunicaciones y transporte - correo | C44: =IFERROR(_xlfn.XLOOKUP(B44,#REF!,#REF!),0) -> 0 | D44: 0 | E44: 0 | F44: =+D44-E44 -> 0 | G44: =IFERROR(E44/D44,0) -> 0 | H44: 0 | I44: 0 | J44: =+H44-I44 -> 0 | K44: =IFERROR(I44/H44,0) -> 0 | L44: =+D44+H44 -> 0 | M44: =+E44+I44 -> 0 | N44: =+L44-M44 -> 0 | O44: =IFERROR(M44/L44,0) -> 0
... B54: Alquiler de maquinaria y equipo | C54: =IFERROR(_xlfn.XLOOKUP(B54,#REF!,#REF!),0) -> 0 | D54: 0 | E54: 0 | F54: =+D54-E54 -> 0 | G54: =IFERROR(E54/D54,0) -> 0 | H54: 0 | I54: 0 | J54: =+H54-I54 -> 0 | K54: =IFERROR(I54/H54,0) -> 0 | L54: =+D54+H54 -> 0 | M54: =+E54+I54 -> 0 | N54: =+L54-M54 -> 0 | O54: =IFERROR(M54/L54,0) -> 0
B55: PROGRAMAS Y PROYECTOS | C55: =+C56+C74+C84 -> #REF! | D55: =+D56+D74+D84 -> 0 | E55: =+E56+E74+E84 -> 0 | F55: =+F56+F74+F84 -> 0 | G55: =+G56+G74+G84 -> 0 | H55: =+H56+H74+H84 -> 0 | I55: =+I56+I74+I84 -> 0 | J55: =+J56+J74+J84 -> 0 | ... O55: =+O56+O74+O84 -> 0
B56: Programa 1 - Investigación y transferencia de tecnología | C56: =+C57+C62+C67+C71 -> #REF! | D56: =+D57+D62+D67+D71 -> 0 | E56: =+E57+E62+E67+E71 -> 0 | F56: =+F57+F62+F67+F71 -> 0 | G56: =+G57+G62+G67+G71 -> 0 | H56: =+H57+H62+H67+H71 -> 0 | I56: =+I57+I62+I67+I71 -> 0 | J56: =+J57+J62+J67+J71 -> 0 | ... O56: =+O57+O62+O67+O71 -> 0
B57: Proyecto No 1 - ITPA | C57: =+SUM(C58:C61) -> 0 | D57: =+SUM(D58:D61) -> 0 | E57: =+SUM(E58:E61) -> 0 | F57: =+SUM(F58:F61) -> 0 | G57: =+SUM(G58:G61) -> 0 | H57: =+SUM(H58:H61) -> 0 | I57: =+SUM(I58:I61) -> 0 | J57: =+SUM(J58:J61) -> 0 | ... O57: =+SUM(O58:O61) -> 0
B58: Insumos agrícolas | C58: =IFERROR(_xlfn.XLOOKUP(B58,#REF!,#REF!),0) -> 0 | D58: 0 | E58: 0 | F58: =+D58-E58 -> 0 | G58: =IFERROR(E58/D58,0) -> 0 | H58: 0 | I58: 0 | J58: =+H58-I58 -> 0 | K58: =IFERROR(I58/H58,0) -> 0 | L58: =+D58+H58 -> 0 | M58: =+E58+I58 -> 0 | N58: =+L58-M58 -> 0 | O58: =IFERROR(M58/L58,0) -> 0
B59: Análisis de suelo | C59: =IFERROR(_xlfn.XLOOKUP(B59,#REF!,#REF!),0) -> 0 | D59: 0 | E59: 0 | F59: =+D59-E59 -> 0 | G59: =IFERROR(E59/D59,0) -> 0 | H59: 0 | I59: 0 | J59: =+H59-I59 -> 0 | K59: =IFERROR(I59/H59,0) -> 0 | L59: =+D59+H59 -> 0 | M59: =+E59+I59 -> 0 | N59: =+L59-M59 -> 0 | O59: =IFERROR(M59/L59,0) -> 0
B60: Trampas Tecia solanivora (feromonas e implementos) | C60: =IFERROR(_xlfn.XLOOKUP(B60,#REF!,#REF!),0) -> 0 | D60: 0 | E60: 0 | F60: =+D60-E60 -> 0 | G60: =IFERROR(E60/D60,0) -> 0 | H60: 0 | I60: 0 | J60: =+H60-I60 -> 0 | K60: =IFERROR(I60/H60,0) -> 0 | L60: =+D60+H60 -> 0 | M60: =+E60+I60 -> 0 | N60: =+L60-M60 -> 0 | O60: =IFERROR(M60/L60,0) -> 0
B61: Estudio para el análisis de la vulnerabilidad por riesgo climatico en el cultivo de papa en Colombia. | C61: =IFERROR(_xlfn.XLOOKUP(B61,#REF!,#REF!),0) -> 0 | D61: 0 | E61: 0 | F61: =+D61-E61 -> 0 | G61: =IFERROR(E61/D61,0) -> 0 | H61: 0 | I61: 0 | J61: =+H61-I61 -> 0 | K61: =IFERROR(I61/H61,0) -> 0 | L61: =+D61+H61 -> 0 | M61: =+E61+I61 -> 0 | N61: =+L61-M61 -> 0 | O61: =IFERROR(M61/L61,0) -> 0
B62: Proyecto No 2 - Mejoramiento Genético | C62: =+SUM(C63:C66) -> #REF! | D62: =+SUM(D63:D66) -> 0 | E62: =+SUM(E63:E66) -> 0 | F62: =+SUM(F63:F66) -> 0 | G62: =+SUM(G63:G66) -> 0 | H62: =+SUM(H63:H66) -> 0 | I62: =+SUM(I63:I66) -> 0 | J62: =+SUM(J63:J66) -> 0 | ... O62: =+SUM(O63:O66) -> 0
B63: Insumos de laboratorio y campo de investigación para patógenos de suelo. | C63: =IFERROR(_xlfn.XLOOKUP(B63,#REF!,#REF!),0) -> 0 | D63: 0 | E63: 0 | F63: =+D63-E63 -> 0 | G63: =IFERROR(E63/D63,0) -> 0 | H63: 0 | I63: 0 | J63: =+H63-I63 -> 0 | K63: =IFERROR(I63/H63,0) -> 0 | L63: =+D63+H63 -> 0 | M63: =+E63+I63 -> 0 | N63: =+L63-M63 -> 0 | O63: =IFERROR(M63/L63,0) -> 0
B64: Insumos agrícolas lotes de pruebas | C64: =IFERROR(_xlfn.XLOOKUP(B64,#REF!,#REF!),0) -> 0 | D64: 0 | E64: 0 | F64: =+D64-E64 -> 0 | G64: =IFERROR(E64/D64,0) -> 0 | H64: 0 | I64: 0 | J64: =+H64-I64 -> 0 | K64: =IFERROR(I64/H64,0) -> 0 | L64: =+D64+H64 -> 0 | M64: =+E64+I64 -> 0 | N64: =+L64-M64 -> 0 | O64: =IFERROR(M64/L64,0) -> 0
B65: Análisis foliares | C65: =IFERROR(_xlfn.XLOOKUP(B65,#REF!,#REF!),0) -> 0 | D65: 0 | E65: 0 | F65: =+D65-E65 -> 0 | G65: =IFERROR(E65/D65,0) -> 0 | H65: 0 | I65: 0 | J65: =+H65-I65 -> 0 | K65: =IFERROR(I65/H65,0) -> 0 | L65: =+D65+H65 -> 0 | M65: =+E65+I65 -> 0 | N65: =+L65-M65 -> 0 | O65: =IFERROR(M65/L65,0) -> 0
B66: Análisis de suelo | C66: =+#REF! -> #REF! | D66: 0 | E66: 0 | F66: =+D66-E66 -> 0 | G66: =IFERROR(E66/D66,0) -> 0 | H66: 0 | I66: 0 | J66: =+H66-I66 -> 0 | K66: =IFERROR(I66/H66,0) -> 0 | L66: =+D66+H66 -> 0 | M66: =+E66+I66 -> 0 | N66: =+L66-M66 -> 0 | O66: =IFERROR(M66/L66,0) -> 0
B67: Proyecto No 3 - Semilla Certificada Fase I | C67: =+SUM(C68:C70) -> 0 | D67: =+SUM(D68:D70) -> 0 | E67: =+SUM(E68:E70) -> 0 | F67: =+SUM(F68:F70) -> 0 | G67: =+SUM(G68:G70) -> 0 | H67: =+SUM(H68:H70) -> 0 | I67: =+SUM(I68:I70) -> 0 | J67: =+SUM(J68:J70) -> 0 | ... O67: =+SUM(O68:O70) -> 0
B68: Analisis de virus y patogenos normatividad ICA | C68: =IFERROR(_xlfn.XLOOKUP(B68,#REF!,#REF!),0) -> 0 | D68: 0 | E68: 0 | F68: =+D68-E68 -> 0 | G68: =IFERROR(E68/D68,0) -> 0 | H68: 0 | I68: 0 | J68: =+H68-I68 -> 0 | K68: =IFERROR(I68/H68,0) -> 0 | L68: =+D68+H68 -> 0 | M68: =+E68+I68 -> 0 | N68: =+L68-M68 -> 0 | O68: =IFERROR(M68/L68,0) -> 0
B69: Registro de lotes Super Élite | C69: =IFERROR(_xlfn.XLOOKUP(B69,#REF!,#REF!),0) -> 0 | D69: 0 | E69: 0 | F69: =+D69-E69 -> 0 | G69: =IFERROR(E69/D69,0) -> 0 | H69: 0 | I69: 0 | J69: =+H69-I69 -> 0 | K69: =IFERROR(I69/H69,0) -> 0 | L69: =+D69+H69 -> 0 | M69: =+E69+I69 -> 0 | N69: =+L69-M69 -> 0 | O69: =IFERROR(M69/L69,0) -> 0
B70: Programa de transferencia de tecnología a través de la ampliación de oferta de tubérculo semilla - categoría certificada | C70: =IFERROR(_xlfn.XLOOKUP(B70,#REF!,#REF!),0) -> 0 | D70: 0 | E70: 0 | F70: =+D70-E70 -> 0 | G70: =IFERROR(E70/D70,0) -> 0 | H70: 0 | I70: 0 | J70: =+H70-I70 -> 0 | K70: =IFERROR(I70/H70,0) -> 0 | L70: =+D70+H70 -> 0 | M70: =+E70+I70 -> 0 | N70: =+L70-M70 -> 0 | O70: =IFERROR(M70/L70,0) -> 0
B71: Proyecto No 4 - Centro de desarrollo tecnológico | C71: =+SUM(C72:C73) -> 0 | D71: =+SUM(D72:D73) -> 0 | E71: =+SUM(E72:E73) -> 0 | F71: =+SUM(F72:F73) -> 0 | G71: =+SUM(G72:G73) -> 0 | H71: =+SUM(H72:H73) -> 0 | I71: =+SUM(I72:I73) -> 0 | J71: =+SUM(J72:J73) -> 0 | ... O71: =+SUM(O72:O73) -> 0
B72: Desarrollo aplicativo movil y web | C72: =IFERROR(_xlfn.XLOOKUP(B72,#REF!,#REF!),0) -> 0 | D72: 0 | E72: 0 | F72: =+D72-E72 -> 0 | G72: =IFERROR(E72/D72,0) -> 0 | H72: 0 | I72: 0 | J72: =+H72-I72 -> 0 | K72: =IFERROR(I72/H72,0) -> 0 | L72: =+D72+H72 -> 0 | M72: =+E72+I72 -> 0 | N72: =+L72-M72 -> 0 | O72: =IFERROR(M72/L72,0) -> 0
B73: Certificados de industria | C73: =IFERROR(_xlfn.XLOOKUP(B73,#REF!,#REF!),0) -> 0 | D73: 0 | E73: 0 | F73: =+D73-E73 -> 0 | G73: =IFERROR(E73/D73,0) -> 0 | H73: 0 | I73: 0 | J73: =+H73-I73 -> 0 | K73: =IFERROR(I73/H73,0) -> 0 | L73: =+D73+H73 -> 0 | M73: =+E73+I73 -> 0 | N73: =+L73-M73 -> 0 | O73: =IFERROR(M73/L73,0) -> 0
B74: Programa 2 - Comercialización | C74: =+C75+C81 -> 0 | D74: =+D75+D81 -> 0 | E74: =+E75+E81 -> 0 | F74: =+F75+F81 -> 0 | G74: =+G75+G81 -> 0 | H74: =+H75+H81 -> 0 | I74: =+I75+I81 -> 0 | J74: =+J75+J81 -> 0 | ... O74: =+O75+O81 -> 0
B75: Proyecto No 1 - Estrategias de promocion al consumo de papa y divulgacion multiplataforma del FNFP | C75: =+SUM(C76:C80) -> 0 | D75: =+SUM(D76:D80) -> 0 | E75: =+SUM(E76:E80) -> 0 | F75: =+SUM(F76:F80) -> 0 | G75: =+SUM(G76:G80) -> 0 | H75: =+SUM(H76:H80) -> 0 | I75: =+SUM(I76:I80) -> 0 | J75: =+SUM(J76:J80) -> 0 | ... O75: =+SUM(O76:O80) -> 0
B76: ATL | C76: =IFERROR(_xlfn.XLOOKUP(B76,#REF!,#REF!),0) -> 0 | D76: 0 | E76: 0 | F76: =+D76-E76 -> 0 | G76: =IFERROR(E76/D76,0) -> 0 | H76: 0 | I76: 0 | J76: =+H76-I76 -> 0 | K76: =IFERROR(I76/H76,0) -> 0 | L76: =+D76+H76 -> 0 | M76: =+E76+I76 -> 0 | N76: =+L76-M76 -> 0 | O76: =IFERROR(M76/L76,0) -> 0
B77: BTL | C77: =IFERROR(_xlfn.XLOOKUP(B77,#REF!,#REF!),0) -> 0 | D77: 0 | E77: 0 | F77: =+D77-E77 -> 0 | G77: =IFERROR(E77/D77,0) -> 0 | H77: 0 | I77: 0 | J77: =+H77-I77 -> 0 | K77: =IFERROR(I77/H77,0) -> 0 | L77: =+D77+H77 -> 0 | M77: =+E77+I77 -> 0 | N77: =+L77-M77 -> 0 | O77: =IFERROR(M77/L77,0) -> 0
B78: Digital | C78: =IFERROR(_xlfn.XLOOKUP(B78,#REF!,#REF!),0) -> 0 | D78: 0 | E78: 0 | F78: =+D78-E78 -> 0 | G78: =IFERROR(E78/D78,0) -> 0 | H78: 0 | I78: 0 | J78: =+H78-I78 -> 0 | K78: =IFERROR(I78/H78,0) -> 0 | L78: =+D78+H78 -> 0 | M78: =+E78+I78 -> 0 | N78: =+L78-M78 -> 0 | O78: =IFERROR(M78/L78,0) -> 0
B79: Estudio de percepción de la categoría | C79: =IFERROR(_xlfn.XLOOKUP(B79,#REF!,#REF!),0) -> 0 | D79: 0 | E79: 0 | F79: =+D79-E79 -> 0 | G79: =IFERROR(E79/D79,0) -> 0 | H79: 0 | I79: 0 | J79: =+H79-I79 -> 0 | K79: =IFERROR(I79/H79,0) -> 0 | L79: =+D79+H79 -> 0 | M79: =+E79+I79 -> 0 | N79: =+L79-M79 -> 0 | O79: =IFERROR(M79/L79,0) -> 0
B80: Apoyo a la comercialización | C80: =IFERROR(_xlfn.XLOOKUP(B80,#REF!,#REF!),0) -> 0 | D80: 0 | E80: 0 | F80: =+D80-E80 -> 0 | G80: =IFERROR(E80/D80,0) -> 0 | H80: 0 | I80: 0 | J80: =+H80-I80 -> 0 | K80: =IFERROR(I80/H80,0) -> 0 | L80: =+D80+H80 -> 0 | M80: =+E80+I80 -> 0 | N80: =+L80-M80 -> 0 | O80: =IFERROR(M80/L80,0) -> 0
B81: Proyecto No 2 - Desarrollo empresarial y asociativo en pequeños y medianos productores de papa | C81: =SUM(C82:C83) -> 0 | D81: =SUM(D82:D83) -> 0 | E81: =SUM(E82:E83) -> 0 | F81: =SUM(F82:F83) -> 0 | G81: =SUM(G82:G83) -> 0 | H81: =SUM(H82:H83) -> 0 | I81: =SUM(I82:I83) -> 0 | J81: =SUM(J82:J83) -> 0 | ... O81: =SUM(O82:O83) -> 0
B82: Estudio de prefactibilidad | C82: =IFERROR(_xlfn.XLOOKUP(B82,#REF!,#REF!),0) -> 0 | D82: 0 | E82: 0 | F82: =+D82-E82 -> 0 | G82: =IFERROR(E82/D82,0) -> 0 | H82: 0 | I82: 0 | J82: =+H82-I82 -> 0 | K82: =IFERROR(I82/H82,0) -> 0 | L82: =+D82+H82 -> 0 | M82: =+E82+I82 -> 0 | N82: =+L82-M82 -> 0 | O82: =IFERROR(M82/L82,0) -> 0
B83: Análisis y caracterización de producto | C83: =IFERROR(_xlfn.XLOOKUP(B83,#REF!,#REF!),0) -> 0 | D83: 0 | E83: 0 | F83: =+D83-E83 -> 0 | G83: =IFERROR(E83/D83,0) -> 0 | H83: 0 | I83: 0 | J83: =+H83-I83 -> 0 | K83: =IFERROR(I83/H83,0) -> 0 | L83: =+D83+H83 -> 0 | M83: =+E83+I83 -> 0 | N83: =+L83-M83 -> 0 | O83: =IFERROR(M83/L83,0) -> 0
B84: Programa 3 - Estudios económicos | C84: =+C85+C88 -> #REF! | D84: =+D85+D88 -> 0 | E84: =+E85+E88 -> 0 | F84: =+F85+F88 -> 0 | G84: =+G85+G88 -> 0 | H84: =+H85+H88 -> 0 | I84: =+I85+I88 -> 0 | J84: =+J85+J88 -> 0 | ... O84: =+O85+O88 -> 0
B85: Proyecto No. 1 - Sistemas de informacion estadistica y estudios economicos de la cadena agroalimentaria de la papa | C85: =SUM(C86:C87) -> #REF! | D85: =SUM(D86:D87) -> 0 | E85: =SUM(E86:E87) -> 0 | F85: =SUM(F86:F87) -> 0 | G85: =SUM(G86:G87) -> 0 | H85: =SUM(H86:H87) -> 0 | I85: =SUM(I86:I87) -> 0 | J85: =SUM(J86:J87) -> 0 | ... O85: =SUM(O86:O87) -> 0
B86: Investigación de consumo per cápita de papa en Colombia | C86: =+#REF! -> #REF! | D86: 0 | E86: 0 | F86: =+D86-E86 -> 0 | G86: =IFERROR(E86/D86,0) -> 0 | H86: 0 | I86: 0 | J86: =+H86-I86 -> 0 | K86: =IFERROR(I86/H86,0) -> 0 | L86: =+D86+H86 -> 0 | M86: =+E86+I86 -> 0 | N86: =+L86-M86 -> 0 | O86: =IFERROR(M86/L86,0) -> 0
B87: Estudios e investigaciones Económicas | C87: =+#REF! -> #REF! | D87: 0 | E87: 0 | F87: =+D87-E87 -> 0 | G87: =IFERROR(E87/D87,0) -> 0 | H87: 0 | I87: 0 | J87: =+H87-I87 -> 0 | K87: =IFERROR(I87/H87,0) -> 0 | L87: =+D87+H87 -> 0 | M87: =+E87+I87 -> 0 | N87: =+L87-M87 -> 0 | O87: =IFERROR(M87/L87,0) -> 0
B88: Proyecto No 2 - Mecanismos de defensa de la produccion nacional y competencia leal en papa | C88: =+C89 -> #REF! | D88: =+D89 -> 0 | E88: =+E89 -> 0 | F88: =+F89 -> 0 | G88: =+G89 -> 0 | H88: =+H89 -> 0 | I88: =+I89 -> 0 | J88: =+J89 -> 0 | ... O88: =+O89 -> 0
B89: Estudios de precios | C89: =+#REF! -> #REF! | D89: 0 | E89: 0 | F89: 0 | G89: =IFERROR(E89/D89,0) -> 0 | H89: 0 | I89: 0 | J89: 0 | K89: =IFERROR(I89/H89,0) -> 0 | L89: 0 | M89: 0 | N89: 0 | O89: =IFERROR(M89/L89,0) -> 0
B90: COMPENSACIONES DE ESTABILIZACIÓN (%) | C90: =+C91 -> 0 | D90: =+D91 -> 0 | E90: =+E91 -> 0 | F90: =+F91 -> 0 | G90: =IFERROR(E90/D90,0) -> 0 | H90: =+H91 -> 0 | I90: =+I91 -> 0 | J90: =+J91 -> 0 | K90: =IFERROR(I90/H90,0) -> 0 | L90: =+L91 -> 0 | M90: =+M91 -> 0 | N90: =+N91 -> 0 | O90: =IFERROR(M90/L90,0) -> 0
B91: Compensaciones de Estabilización | C91: 0 | D91: 0 | E91: 0 | F91: =+D91-E91 -> 0 | G91: =IFERROR(E91/D91,0) -> 0 | H91: 0 | I91: 0 | J91: =+H91-I91 -> 0 | K91: =IFERROR(I91/H91,0) -> 0 | L91: =+D91+H91 -> 0 | M91: =+E91+I91 -> 0 | N91: =+L91-M91 -> 0 | O91: =IFERROR(M91/L91,0) -> 0
B92: TOTAL GASTOS DE FUNCIONAMIENTO, CUOTA ADMON E INVERSIÓN | C92: =C18 -> #REF! | D92: =D18 -> 0 | E92: =E18 -> 0 | F92: =F18 -> 0 | G92: =G18 -> 0 | H92: =H18 -> 0 | I92: =I18 -> 0 | J92: =J18 -> 0 | ... O92: =O18 -> 0

Sheet CONSOLIDADO
D3: =+UPPER("Salarios mensuales") -> SALARIOS MENSUALES | I3: =+UPPER("Número de personas") -> NÚMERO DE PERSONAS
C4: DEPARTAMENTO | D4: 2025 | E4: 2026 | F4: VAR (%) | H4: DEPARTAMENTO | I4: 2025 | J4: 2026 | K4: VAR. (%)
C5: CAMPAÑA AL CONSUMO | D5: 15373800 | E5: 31088000 | F5: =+E5/D5-1 -> 1.0221416 | H5: CAMPAÑA AL CONSUMO | I5: 3 | J5: 9 | K5: =+J5/I5-1 -> 2
C6: CENTRO DE DESARROLLO TECNOLÓGICO | D6: 0 | E6: 17204000 | F6: 1 | H6: CENTRO DE DESARROLLO TECNOLÓGICO | I6: 0 | J6: 5 | K6: 1
C7: FUNCIONAMIENTO - RECAUDO | D7: 74762220 | E7: 103859000 | F7: =+E7/D7-1 -> 0.38919096 | H7: FUNCIONAMIENTO - RECAUDO | I7: 18 | J7: 25 | K7: =+J7/I7-1 -> 0.38888889
C8: SISTEMAS DE INFORMACION | D8: 30633720 | E8: 40020000 | F8: =+E8/D8-1 -> 0.30640353 | H8: SISTEMAS DE INFORMACION | I8: 6 | J8: 8 | K8: =+J8/I8-1 -> 0.33333333
C9: SEMILLA CERTIFICADA | D9: 14946750 | E9: 18713000 | F9: =+E9/D9-1 -> 0.25197785 | H9: SEMILLA CERTIFICADA | I9: 4 | J9: 6 | K9: =+J9/I9-1 -> 0.5
C10: FUNCIONAMIENTO - ADMINISTRATIVO | D10: 28356120 | E10: 33985000 | F10: =+E10/D10-1 -> 0.19850671 | H10: FUNCIONAMIENTO - ADMINISTRATIVO | I10: 6 | J10: 8 | K10: =+J10/I10-1 -> 0.33333333
C11: ASOCIATIVIDAD Y FORTALECIMIENTO EMPRESARIAL | D11: 20213700 | E11: 23872000 | F11: =+E11/D11-1 -> 0.18098122 | H11: ASOCIATIVIDAD Y FORTALECIMIENTO EMPRESARIAL | I11: 4 | J11: 4 | K11: =+J11/I11-1 -> 0
C12: ITPA | D12: 106221570 | E12: 114882000 | F12: =+E12/D12-1 -> 0.081531745 | H12: ITPA | I12: 27 | J12: 34 | K12: =+J12/I12-1 -> 0.25925926
C13: MEJORAMIENTO GENETICO | D13: 17509050 | E13: 17960000 | F13: =+E13/D13-1 -> 0.025755252 | H13: MEJORAMIENTO GENETICO | I13: 5 | J13: 5 | K13: =+J13/I13-1 -> 0
C14: TOTAL | D14: =SUM(D5:D13) -> 308016930 | E14: =SUM(E5:E13) -> 401583000 | F14: =+E14/D14-1 -> 0.30376924 | H14: TOTAL | I14: =SUM(I5:I13) -> 73 | J14: =SUM(J5:J13) -> 104 | K14: =+J14/I14-1 -> 0.42465753
C17: NOMBRE DE LA CUENTA | D17: PROYECCIÓN AL 31/12/2025 | E17: PRESUPUESTO 2026 | F17: VARIACIÓN ABSOLUTA | G17: VARIACIÓN PORCENTUAL
C18: INGRESOS CORRIENTES U OPERACIONALES | D18: =+SUM(D19:D22) -> 2.3625352e+10 | E18: =+SUM(E19:E22) -> 2.0503842e+10 | F18: =+SUM(F19:F22) -> -3.12151e+09 | G18: =IFERROR((E18-D18)/D18,0) -> -0.13212544
C19: Cuota de Fomento | D19: 13694112651 | E19: 15199659540 | F19: =+E19-D19 -> 1505546889 | G19: =IFERROR((E19-D19)/D19,0) -> 0.10994118
C20: Cuota de Fomento Vigencia Anterior | D20: 365088276 | E20: 6.4477087e+08 | F20: =+E20-D20 -> 2.7968259e+08 | G20: =IFERROR((E20-D20)/D20,0) -> 0.7660684
C21: Intereses de Mora | D21: 472940316 | E21: 3.7591904e+08 | F21: =+E21-D21 -> -97021272 | G21: =IFERROR((E21-D21)/D21,0) -> -0.20514485
C22: Superávit | D22: 9.0932104e+09 | E22: 4.2834922e+09 | F22: =+E22-D22 -> -4.8097182e+09 | G22: =IFERROR((E22-D22)/D22,0) -> -0.5289351
C23: INGRESOS RECURSOS DE CAPITAL O NO OPERACIONALES | D23: =+D24+D26 -> 544227620 | E23: =+E24+E26 -> #REF! | F23: =+F24+F26 -> #REF! | G23: =IFERROR((E23-D23)/D23,0) -> 0
C24: Ingresos Financieros | D24: =+D25 -> 514243000 | E24: =+E25 -> #REF! | F24: =+F25 -> #REF! | G24: =IFERROR((E24-D24)/D24,0) -> 0
C25: Ingresos Financieros | D25: 514243000 | E25: =+#REF! -> #REF! | F25: =+E25-D25 -> #REF! | G25: =IFERROR((E25-D25)/D25,0) -> 0
C26: OTROS INGRESOS | D26: =+SUM(D27:D27) -> 29984620 | E26: =+SUM(E27:E27) -> #REF! | F26: =+SUM(F27:F27) -> #REF! | G26: =IFERROR((E26-D26)/D26,0) -> 0
C27: Otros ingresos | D27: 29984620 | E27: =+#REF! -> #REF! | F27: =+E27-D27 -> #REF! | G27: =IFERROR((E27-D27)/D27,0) -> 0
C28: TOTAL PRESUPUESTO DE INGRESOS | D28: =+D18+D23 -> 2.4169579e+10 | E28: =+E18+E23 -> #REF! | F28: =+F18+F23 -> #REF! | G28: =IFERROR((E28-D28)/D28,0) -> 0
